Workbook

Sheet Indice
A1: ANEXO CUADROS Y GRÁFICOS. MEMORIA HTN 2018
A2: ='C1'!$A$1 -> Cuadro nº 1. Recaudación tributaria líquida y Resultados de actividad control tributario
A3: ='C2'!$A$1 -> Cuadro nº 2. Sistema tributario de Navarra. Impuestos convenidos
A4: ='C3'!$A$1 -> Cuadro nº 3. Distribución del gasto por capítulos
A5: ='C4'!$A$1 -> Cuadro nº 4. Distribución del personal de HTN según género. Número y porcentaje
A6: ='G5'!$A$1 -> Gráfico nº 5. Promedio de edad del personal de HTN según género
A7: ='G6'!$A$1 -> Gráfico nº 6. Distribución del personal de HTN por servicios
A8: ='C7'!$A$1 -> Cuadro nº 7. Distribución del personal de HTN por grupos y niveles
A9: ='G8'!$A$1 -> Gráfico nº 8. Situación del personal de HTN. Temporalidad
A10: ='C9'!$A$1 -> Cuadro nº 9. Distribución del personal de HTN por oficinas
A11: ='C10'!$A$1 -> Cuadro nº 10. Recaudación tributaria. Componentes
A12: ='G11'!$A$1 -> Gráfico nº 11. Evolución temporal de la recaudación tributaria
A13: ='C12'!$A$1 -> Cuadro nº 12. Recaudación tributaria íntegra. Detalle por figuras tributarias
A14: ='C13'!$A$1 -> Cuadro nº 13. Recaudación tributaria devoluciones. Detalle por figuras tributarias
A15: ='C14'!$A$1 -> Cuadro nº 14. Recaudación tributaria líquida. Resumen por figuras tributarias
A16: ='C15'!$A$1 -> Cuadro nº 15. Recaudación tributaria líquida. Detalle por figuras tributarias
A17: ='G16'!$A$1 -> Gráfico nº 16. Recaudación tributaria líquida. Porcentaje gestión directa - ajustes fiscales
A18: ='C17'!$A$1 -> Cuadro nº 17. Recaudación tributaria. Ajustes por impactos cambios normativos
A19: ='C18'!$A$1 -> Cuadro nº 18. Evolución y situación de las deudas por tramos de deudas
A20: ='C19'!$A$1 -> Cuadro nº19. Evolución y situación de las deudas por inicial de NIF
A21: ='G20'!$A$1 -> Gráfico nº 20. Gráfico de los tipos de atención administrativa
A22: ='G21'!$A$1 -> Gráfico nº 21. Atención presencial administrativa. Evolución temporal personas atendidas
A23: ='G22'!$A$1 -> Gráfico nº 22. Atención presencial técnico tributaria. Evolución temporal personas atendidas
A24: ='C23'!$A$1 -> Cuadro nº 23. Atenciones presenciales por conceptos
A25: ='G24'!$A$1 -> Gráfico nº 24. Evolución temporal llamadas recibidas
A26: ='G25'!$A$1 -> Gráfico nº 25. Evolución temporal llamadas telefónicas atendidas diarias
A27: ='C26'!$A$1 -> Cuadro nº 26. Llamadas derivadas desde centralita por unidad
A28: ='G27'!$A$1 -> Gráfico nº 27. Gráfico de la distribución de la atención presencial y telefónica por meses
A29: ='G28'!$A$1 -> Gráfico nº 28. Gráfico evolución atención por correo electrónico
A30: ='G29'!$A$1 -> Gráfico nº 29. Gráfico evolución atención buzón colaboradores
A31: ='G30'!$A$1 -> Gráfico nº 30. Documentos registrados según unidad de destino
A32: ='G31'!$A$1 -> Gráfico nº 31. Evolución temporal documentos registrados
A33: ='C32'!$A$1 -> Cuadro nº 32. Directorios portal web más visitados. Número de accesos
A34: ='C33'!$A$1 -> Cuadro nº 33. Tipos de certificados expedidos
A35: ='G34'!$A$1 -> Gráfico nº 34. Evolución de la presentación telemática de declaraciones
A36: ='C35'!$A$1 -> Cuadro nº 35. Porcentaje de declaraciones telemáticas según modelos e incremento sobre año anterior
A37: ='G36'!$A$1 -> Gráfico nº 36. Accesos terminal autoservicio. Por conceptos
A38: ='C37'!$A$1 -> Cuadro nº 37. Resultados de la actividad de control tributario. Número de actuaciones e importe
A39: ='C38'!$A$1 -> Cuadro nº 38. Resultados de la actividad de control tributario por áreas. Número de actuaciones e importe
A40: ='C39'!$A$1 -> Cuadro nº 39. Resultado total de la actividad de control tributario área de inspección. Número de actuaciones e importe
A41: ='C40'!$A$1 -> Cuadro nº 40. Resultados directos de las actuaciones de control tributario área de inspección. Importe de actas por impuesto y tramitación
A42: ='C41'!$A$1 -> Cuadro nº 41. Resultados directos de las actuaciones de control tributario área de inspección. Importe de expedientes sancionadores por impuesto y tramitación
A43: ='C42'!$A$1 -> Cuadro nº 42. Resultados de la actividad de control tributario área de inspección. Otras actuaciones: domicilio fiscal y cifra relativa. Número de actuaciones e importe
A44: ='G43'!$A$1 -> Gráfico nº 43. Denuncias presentadas según canal de presentación y estado de tramitación
A45: ='G44'!$A$1 -> Gráfico nº 44. Denuncias tramitadas según tipo de tramitación
A46: ='C45'!$A$1 -> Cuadro nº 45. Resultado total de la actividad de control tributario área de gestión. Número de actuaciones e importe
A47: ='C46'!$A$1 -> Cuadro nº 46. Resultado total de la actividad de control tributario área de recaudación. Número de actuaciones e importe
A48: ='C47'!$A$1 -> Cuadro nº 47. Otras actuaciones de recaudación ejecutiva. Derivaciones de responsabilidad. Subastas. Diligencias de embargos
A49: ='G48'!$A$1 -> Gráfico nº 48. Evolución temporal del número de propuestas autoliquidación IRPF enviadas
A50: ='G49'!$A$1 -> Gráfico nº 49. Evolución temporal del número de propuestas autoliquidación IRPF aceptadas y anuladas
A51: ='G50'!$A$1 -> Gráfico nº 50. Evolución del número de declaraciones IRPF presentadas. Según medios de presentación
A52: ='C51'!$A$1 -> Cuadro nº 51. Número de citas previa campaña IRPF en oficinas. Según modalidad de acceso de cita
A53: ='C52'!$A$1 -> Cuadro nº 52. Oficina virtual de Internet. Número de personas que accedieron en los servicios más utilizados
A54: ='G53'!$A$1 -> Gráfico nº 53. Oficina virtual de Internet. Evolución temporal de accesos a aplicaciones
A55: ='C54'!$A$1 -> Cuadro nº 54. La campaña del IRPF en cifras. Saldo. Número de declaraciones e importe positivo y negativo
A56: ='G55'!$A$1 -> Gráfico nº 55. Evolución temporal del número de declaraciones positivas y negativas del IRPF
A57: ='G56'!$A$1 -> Gráfico nº 56. Evolución temporal del saldo económico. Importe positivo y negativo del IRPF
A58: ='C57'!$A$1 -> Cuadro nº 57. La campaña del Impuesto sobre el Patrimonio en cifras. Número de declaraciones y saldo económico
A59: ='C58'!$A$1 -> Cuadro nº 58. Resultados de las actuaciones de asistencia del IRPF e Impuesto Patrimonio, fuera de campaña. Número de Actuaciones
A60: ='C59'!$A$1 -> Cuadro nº 59. Devoluciones de IVA tramitadas Número de solicitudes e importes solicitados y devueltos
A61: ='G60'!$A$1 -> Gráfico nº 60. Evolución temporal del valor catastral total de Navarra. Número de parcelas. Número de unidades. Valor catastral en millones de euros
A62: ='G61'!$A$1 -> Gráfico nº 61. Evolución temporal del número de inmuebles tasados
A63: ='G62'!$A$1 -> Gráfico nº 62. Evolución temporal del número de ponencias de valoración aprobadas
A64: ='G63'!$A$1 -> Gráfico nº 63. Evolución temporal del número de expedientes dados de alta en el Jurado de expropiación de Navarra
A65: ='G64'!$A$1 -> Gráfico nº 64. Evolución temporal del número de atenciones presenciales riqueza territorial
A66: ='G65'!$A$1 -> Gráfico nº 65. Evolución temporal del número de cédulas parcelarias expedidas. Según medio de tramitación
A67: ='C66'!$A$1 -> Cuadro nº 66. Evolución del número de liquidaciones del Impuesto sobre Sucesiones y Donaciones. Según “liquidación-autoliquidación”
A68: ='G67'!$A$1 -> Gráfico nº 67. Evolución del número de declaraciones presentadas del Impuesto sobre Transmisiones Patrimoniales y Actos Jurídicos Documentados
A69: ='C68'!$A$1 -> Cuadro nº 68. Número de devoluciones de impuestos realizadas
A70: ='C69'!$A$1 -> Cuadro nº 69. Número de aplazamientos tramitados
A71: ='C70'!A1 -> Cuadro nº 70. Solicitudes de aplazamientos
A72: ='C71'!$A$1 -> Cuadro nº 71. Flujos financieros Convenio Económico
A73: ='C72'!$A$1 -> Cuadro nº 72. Diligencias de colaboración y requerimientos de información con otras administraciones tributarias
A74: ='C73'!$A$1 -> Cuadro nº 73. Relación de convenios y acuerdos de colaboración y fecha de entrada en vigor
A75: ='C74'!$A$1 -> Cuadro nº 74. Actuaciones de colaboración del Servicio de Inspección con juzgados y otras administraciones e instituciones públicas
A76: ='C75'!$A$1 -> Cuadro nº 75. Número de actuaciones con instituciones públicas
A77: ='C76'!$A$1 -> Cuadro nº 76. Relación de entidades colaboradoras y número de personas operadoras en cada una de ellas. Campaña IRPF
A78: ='C77'!$A$1 -> Cuadro nº 77. Entidades colaboradoras en la gestión recaudatoria. Nº de entidades. Nº de pagos e importes aplicados
A79: ='C78'!$A$1 -> Cuadro nº 78. Indicadores de actividad HTN

Sheet C1
A1: Cuadro nº 1. Recaudación tributaria líquida y Resultados de actividad control tributario
B3: 2017 | C3: 2018 | E3: Variación 2018/2017
B4: Importe Miles de euros | C4: Importe Miles de euros | E4: Importe Miles de euros | F4: Tasa de variación
A5: Recaudación tributaria líquida | B5: 3682671.1 | C5: ='C14'!D18 -> 3482953.6 | E5: =C5-B5 -> -199717.52 | F5: =(C5-B5)/B5 -> -0.054231702
A6: Recaudación obtenida de las actuaciones de control tributario | B6: 160123.04 | C6: 178690.1 | E6: =C6-B6 -> 18567.058 | F6: =(C6-B6)/B6 -> 0.11595494

Sheet C2
A1: Cuadro nº 2. Sistema tributario de Navarra. Impuestos convenidos
A3: IMPUESTOS CONVENIDOS | B3: Gestiona y recauda | C3: Capacidad normativa Navarra propia diferente a la Estatal
A4: Impuesto sobre la Renta de las Personas Físicas | B4: Ö (1) | C4: Ö
A5: Impuesto sobre el Patrimonio | B5: Ö | C5: Ö
A6: Impuesto sobre Sociedades | B6: Ö | C6: Ö
A7: Impuesto sobre la Renta de no Residentes | B7: Ö
A8: Impuesto sobre Sucesiones y Donaciones | B8: Ö | C8: Ö
A9: Impuesto sobre el Valor de la Producción de la Energía Eléctrica | B9: Ö
A10: Impuesto sobre la producción de combustible nuclear gastado y residuos radiactivos | B10: Ö
A11: Impuesto sobre el almacenamiento de combustible nuclear gastado y residuos radiactivos | B11: Ö
A12: Impuesto sobre los depósitos en las entidades de crédito | B12: Ö
A13: Impuesto sobre el Valor Añadido | B13: Ö (2)
A14: Impuesto sobre la cerveza | B14: Ö (2)
A15: Impuesto sobre el vino y bebidas fermentadas | B15: Ö (2)
A16: Impuesto sobre productos intermedios | B16: Ö (2)
A17: Impuesto sobre el alcohol y bebidas derivadas | B17: Ö (2)
A18: Impuesto sobre hidrocarburos | B18: Ö (2)
A19: Impuesto sobre las labores del tabaco | B19: Ö
A20: Impuesto especial sobre determinados medios de transporte | B20: Ö (2)
... A24: Impuesto sobre las primas de seguros | B24: Ö
A25: Impuesto sobre transmisiones patrimoniales y actos jurídicos documentados | B25: Ö | C25: Ö
A26: Tributos sobre el juego | B26: Ö | C26: Ö
A27: Tasas | B27: Ö | C27: Ö
A29: (1) Excepto Retenciones a funcionarios y empleados del Estado en régimen de contratación laboral o administrativa, Retenciones por rendimientos de actividades empresariales y profesionales satisfechos por la Administración del Estado y Retenciones de capital mobiliario en activos emitidos por el Estado y Comunidades Autónomas de Régimen Común
A30: (2) Excepto gravámenes a la importación

Sheet C3
A1: Cuadro nº 3. Distribución del gasto por capítulos
B3: 2017 | D3: 2018 | G3: Variación 2018/2017
B4: Importe Miles de euros | C4: Porcentaje s/Total | D4: Importe Miles de euros | E4: Porcentaje s/Total | G4: Importe Miles de euros | H4: Tasa de Variación
A5: Gastos de personal | B5: 15246.703 | C5: =B5/$B$9 -> 0.57168589 | D5: 15527.24 | E5: =D5/$D$9 -> 0.61180413 | G5: =D5-B5 -> 280.53682 | H5: =D5/B5-1 -> 0.018399835
A6: Gastos corrientes en bienes y servicios | B6: 7380.3183 | C6: =B6/$B$9 -> 0.27673024 | D6: 7173.79 | E6: =D6/$D$9 -> 0.28266159 | G6: =D6-B6 -> -206.52835 | H6: =D6/B6-1 -> -0.027983664
A7: Gastos financieros | B7: 2593.4661 | C7: =B7/$B$9 -> 0.097243843 | D7: 1082.38 | E7: =D7/$D$9 -> 0.042647924 | G7: =D7-B7 -> -1511.0861 | H7: =D7/B7-1 -> -0.58265119
A8: Inversiones reales | B8: 1449.2332 | C8: =B8/$B$9 -> 0.05434002 | D8: 1596.02 | E8: =D8/$D$9 -> 0.062886361 | G8: =D8-B8 -> 146.78683 | H8: =D8/B8-1 -> 0.10128586
A9: TOTAL | B9: =SUM(B5:B8) -> 26669.721 | C9: =B9/$B$9 -> 1 | D9: =SUM(D5:D8) -> 25379.43 | E9: =D9/$D$9 -> 1 | G9: =D9-B9 -> -1290.2908 | H9: =D9/B9-1 -> -0.048380365

Sheet C4
A1: Cuadro nº 4. Distribución del personal de HTN según género. Número y porcentaje
B3: 2017 | D3: 2018 | G3: Variación 2018/2017
B4: Número | C4: Porcentaje sobre total | D4: Número | E4: Porcentaje sobre total | G4: Número | H4: Porcentaje
A5: Femenino | B5: 213 | C5: =B5/$B$7 -> 0.67405063 | D5: 214 | E5: =D5/$D$7 -> 0.66875 | G5: =D5-B5 -> 1 | H5: =D5/B5-1 -> 0.0046948357
A6: Masculino | B6: 103 | C6: =B6/$B$7 -> 0.32594937 | D6: 106 | E6: =D6/$D$7 -> 0.33125 | G6: =D6-B6 -> 3 | H6: =D6/B6-1 -> 0.029126214
A7: TOTAL PERSONAL HTN | B7: =SUM(B5:B6) -> 316 | C7: =B7/$B$7 -> 1 | D7: =SUM(D5:D6) -> 320 | E7: =D7/$D$7 -> 1 | G7: =D7-B7 -> 4 | H7: =D7/B7-1 -> 0.012658228

Sheet G5
A1: Gráfico nº 5. Promedio de edad del personal de HTN según género
E24: Variación 2018/2017
B25: 2017 | C25: 2018 | E25: Valor Absoluto | F25: Porcentaje
A26: Femenino | B26: 47.19 | C26: 47.4 | E26: =C26-B26 -> 0.21 | F26: =(C26-B26)/B26 -> 0.0044500954
A27: Masculino | B27: 48.62 | C27: 47.61 | E27: =C27-B27 -> -1.01 | F27: =(C27-B27)/B27 -> -0.020773344
A28: Total Personal | B28: 47.66 | C28: 47.61 | E28: =C28-B28 -> -0.05 | F28: =(C28-B28)/B28 -> -0.0010490978

Sheet G6
A1: Gráfico nº 6. Distribución del personal de HTN por servicios
A34: SERVICIO | B34: 2017 | C34: 2018
A35: Dirección | B35: 2 | C35: 2
A36: Administración | B36: 5 | C36: 5
A37: Asistencia e Información al Contribuyente | B37: 66 | C37: 72
A38: Convenio Económico y Planificación Financiera | B38: 8 | C38: 7
A39: Desarrollo Normativo y Asesoramiento Jurídico | B39: 8 | C39: 7
A40: Gestión del IRPF y sobre el Patrimonio | B40: 51 | C40: 51
A41: Gestión Tributaria | B41: 48 | C41: 49
A42: Inspección Tributaria | B42: 43 | C42: 44
A43: Recaudación | B43: 31 | C43: 30
A44: Riqueza Territorial y Tributos Patrimoniales | B44: 32 | C44: 28
A45: Sistemas de Información Tributaria | B45: 22 | C45: 25
A46: TOTAL PERSONAL HTN | B46: =SUM(B35:B45) -> 316 | C46: =SUM(C35:C45) -> 320

Sheet C7
A1: Cuadro nº 7. Distribución del personal de HTN por grupos y niveles
E3: Variación 2018/2017
B4: 2017 | C4: 2018 | E4: Número | F4: Porcentaje
A5: Técnico de Hacienda | B5: 60 | C5: 66 | E5: =C5-B5 -> 6 | F5: =(C5-B5)/B5 -> 0.1
A6: Otros nivel A | B6: 12 | C6: 12 | E6: =C6-B6 -> 0 | F6: =(C6-B6)/B6 -> 0
A7: Nivel A | B7: =SUM(B5:B6) -> 72 | C7: =SUM(C5:C6) -> 78 | E7: =C7-B7 -> 6 | F7: =(C7-B7)/B7 -> 0.083333333
A8: Gestor e Investigador auxiliar de Hacienda | B8: 117 | C8: 117 | E8: =C8-B8 -> 0 | F8: =(C8-B8)/B8 -> 0
A9: Otros nivel B | B9: 37 | C9: 34 | E9: =C9-B9 -> -3 | F9: =(C9-B9)/B9 -> -0.081081081
A10: Nivel B | B10: =SUM(B8:B9) -> 154 | C10: =SUM(C8:C9) -> 151 | E10: =C10-B10 -> -3 | F10: =(C10-B10)/B10 -> -0.019480519
A11: Administrativo | B11: 36 | C11: 36 | E11: =C11-B11 -> 0 | F11: =(C11-B11)/B11 -> 0
A12: Agentes tributarios y Oficiales administrativo | B12: 4 | C12: 4 | E12: =C12-B12 -> 0 | F12: =(C12-B12)/B12 -> 0
A13: Nivel C | B13: =SUM(B11:B12) -> 40 | C13: =SUM(C11:C12) -> 40 | E13: =C13-B13 -> 0 | F13: =(C13-B13)/B13 -> 0
A14: Auxiliar administrativo | B14: 49 | C14: 50 | E14: =C14-B14 -> 1 | F14: =(C14-B14)/B14 -> 0.020408163
A15: Subalterno | B15: 1 | C15: 1 | E15: =C15-B15 -> 0 | F15: =(C15-B15)/B15 -> 0
A16: Nivel D (*) | B16: =SUM(B14:B15) -> 50 | C16: 51 | E16: =C16-B16 -> 1 | F16: =(C16-B16)/B16 -> 0.02
A17: Total personal HTN | B17: =B7+B10+B13+B16 -> 316 | C17: =C7+C10+C13+C16 -> 320 | E17: =C17-B17 -> 4 | F17: =(C17-B17)/B17 -> 0.012658228
A19: (*) En el año 2018 el personal de nivel E se engloba en el nivel D
A20: Otros nivel A: Analista de Aplicaciones; Ingeniero Agronómo; TAP Economíca; TAP Jurídica; Titulado Superior (FD); Titulado Superior
A21: Otros nivel B: Arquitecto Técnico; Diplomado CCEE; Ingeniero Técnico Agrícola; TGM Derecho; TGM (IRPF); TGM (IVA); TGM

Sheet G8
A1: Gráfico nº 8. Situación del personal de HTN. Temporalidad
B25: 2017 | D25: 2018
A26: Ocupando plaza como titular | B26: 171 | C26: =B26/$B$31 -> 0.54113924 | D26: 184 | E26: =D26/$D$31 -> 0.575
A27: Jefaturas | B27: 64 | C27: =B27/$B$31 -> 0.20253165 | D27: 63 | E27: =D27/$D$31 -> 0.196875
A28: Contratados | B28: 52 | C28: =B28/$B$31 -> 0.16455696 | D28: 52 | E28: =D28/$D$31 -> 0.1625
A29: Formación | B29: 24 | C29: =B29/$B$31 -> 0.075949367 | D29: 16 | E29: =D29/$D$31 -> 0.05
A30: Otros | B30: 5 | C30: =B30/$B$31 -> 0.015822785 | D30: 5 | E30: =D30/$D$31 -> 0.015625
A31: Total personal HTN | B31: =SUM(B26:B30) -> 316 | C31: =B31/$B$31 -> 1 | D31: =SUM(D26:D30) -> 320 | E31: =D31/$D$31 -> 1

Sheet C9
A1: Cuadro nº 9. Distribución del personal de HTN por oficinas
E3: Variación 2018/2017
B4: 2017 | C4: 2018 | E4: Número | F4: Porcentaje
A5: Sede Central | B5: 217 | C5: 216 | E5: =C5-B5 -> -1 | F5: =(C5-B5)/B5 -> -0.0046082949
A6: Oficinas territoriales de Pamplona | B6: 83 | C6: 86 | E6: =C6-B6 -> 3 | F6: =(C6-B6)/B6 -> 0.036144578
A7: Oficina territorial de Estella | B7: 6 | C7: 6 | E7: =C7-B7 -> 0 | F7: =(C7-B7)/B7 -> 0
A8: Oficina territorial de Tafalla | B8: 3 | C8: 3 | E8: =C8-B8 -> 0 | F8: =(C8-B8)/B8 -> 0
A9: Oficina territorial de Tudela | B9: 7 | C9: 7 | E9: =C9-B9 -> 0 | F9: =(C9-B9)/B9 -> 0
A10: Oficina territorial de Doneztebe/Santesteban | C10: 2 | E10: =C10-B10 -> 2 | F10: -
A11: Total personal HTN | B11: =SUM(B5:B10) -> 316 | C11: =SUM(C5:C10) -> 320 | E11: =C11-B11 -> 4 | F11: =(C11-B11)/B11 -> 0.012658228

Sheet C10
A1: Cuadro nº 10. Recaudación tributaria. Componentes
B3: 2017 | C3: 2018 | E3: Variación 2018/2017
B4: Importe Miles de euros | C4: Importe Miles de euros | E4: Importe Miles de euros | F4: Tasa de Variación
A5: Recaudación íntegra | B5: 4959181.3 | C5: 5107259.1 | E5: =C5-B5 -> 148077.78 | F5: =(C5-B5)/B5 -> 0.029859319
A6: Devoluciones | B6: 1276510.2 | C6: 1624305.5 | E6: =C6-B6 -> 347795.3 | F6: =(C6-B6)/B6 -> 0.27245791
A7: Recaudación líquida | B7: 3682671.1 | C7: 3482953.6 | E7: =C7-B7 -> -199717.52 | F7: =(C7-B7)/B7 -> -0.054231702

Sheet G11
A1: Gráfico nº 11. Evolución temporal de la recaudación tributaria
B36: 2007 | C36: 2008 | D36: 2009 | E36: 2010 | F36: 2011 | G36: 2012 | H36: 2013 | I36: 2014 | J36: 2015 | K36: 2016 | L36: 2017 | M36: 2018
A37: Recaudación íntegra | B37: 4569564.7 | C37: 4310607.8 | D37: 4068712.9 | E37: 3954897.6 | F37: 4034191 | G37: 4070844.4 | H37: 4368385.5 | I37: 4255033.7 | J37: 4398741.8 | K37: 4563540.8 | L37: 4959181.3 | M37: ='C10'!C5 -> 5107259.1
A38: Devoluciones | B38: 975947.18 | C38: 1131418.4 | D38: 1032557 | E38: 1085991.9 | F38: 891687.29 | G38: 1092254.6 | H38: 1461255.5 | I38: 1247468 | J38: 1200312 | K38: 1313809 | L38: 1276510.2 | M38: ='C10'!C6 -> 1624305.5
A39: Recaudación líquida | B39: =B37-B38 -> 3593617.5 | C39: =C37-C38 -> 3179189.4 | D39: =D37-D38 -> 3036155.8 | E39: =E37-E38 -> 2868905.7 | F39: =F37-F38 -> 3142503.7 | G39: =G37-G38 -> 2978589.8 | H39: =H37-H38 -> 2907130 | I39: =I37-I38 -> 3007565.7 | ... K39: =K37-K38 -> 3249731.9 | L39: 3682671.1 | M39: ='C10'!C7 -> 3482953.6
A40: Tasa Variación Anual | B40: 0.076891524 | C40: =C39/B39-1 -> -0.11532338 | D40: =D39/C39-1 -> -0.044990575 | E40: =E39/D39-1 -> -0.05508616 | F40: =F39/E39-1 -> 0.095366694 | G40: =G39/F39-1 -> -0.052160288 | H40: =H39/G39-1 -> -0.023991161 | I40: =I39/H39-1 -> 0.034548058 | J40: =J39/I39-1 -> 0.063461323 | ... M40: =M39/L39-1 -> -0.054231702

Sheet C12
A1: Cuadro nº 12. Recaudación tributaria íntegra. Detalle por figuras tributarias
B3: 2017 | D3: 2018 | G3: Variación 2018/2017
B4: Importe Miles de euros | C4: % sobre Total | D4: Importe Miles de euros | E4: % sobre Total | G4: Importe Miles de euros | H4: Tasa de Variación
A5: Retenciones trabajo | B5: 1181439.4 | C5: =B5/$B$57 -> 0.23823275 | D5: 1222100.6 | E5: =D5/$D$57 -> 0.23928698 | G5: =(D5-B5) -> 40661.198 | H5: =(D5-B5)/B5 -> 0.034416661
A6: Retenciones capital | B6: 87409.019 | C6: =B6/$B$57 -> 0.017625695 | D6: 87611.357 | E6: =D6/$D$57 -> 0.017154281 | G6: =(D6-B6) -> 202.33842 | H6: =(D6-B6)/B6 -> 0.002314846
A7: Fraccionamientos | B7: 44066.073 | C7: =B7/$B$57 -> 0.0088857557 | D7: 47902.355 | E7: =D7/$D$57 -> 0.0093792688 | G7: =(D7-B7) -> 3836.2819 | H7: =(D7-B7)/B7 -> 0.087057494
A8: Cuota diferencial | B8: 169477.74 | C8: =B8/$B$57 -> 0.03417454 | D8: 190261.77 | E8: =D8/$D$57 -> 0.037253206 | G8: =(D8-B8) -> 20784.034 | H8: =(D8-B8)/B8 -> 0.12263577
A9: Total IRPF | B9: 1482392.2 | C9: =B9/$B$57 -> 0.29891874 | D9: 1547876.1 | E9: =D9/$D$57 -> 0.30307373 | G9: =(D9-B9) -> 65483.852 | H9: =(D9-B9)/B9 -> 0.044174445
A10: Retenciones capital | B10: 37403.721 | C10: =B10/$B$57 -> 0.0075423178 | D10: 37535.761 | E10: =D10/$D$57 -> 0.0073494924 | G10: =(D10-B10) -> 132.04028 | H10: =(D10-B10)/B10 -> 0.0035301375
A11: Pago a cuenta | B11: 134033.26 | C11: =B11/$B$57 -> 0.027027295 | D11: 155120.26 | E11: =D11/$D$57 -> 0.030372506 | G11: =(D11-B11) -> 21087.002 | H11: =(D11-B11)/B11 -> 0.15732664
A12: Cuota diferencial | B12: 177555.44 | C12: =B12/$B$57 -> 0.035803378 | D12: 166857.8 | E12: =D12/$D$57 -> 0.032670715 | G12: =(D12-B12) -> -10697.638 | H12: =(D12-B12)/B12 -> -0.060249562
A13: Total Impuesto sociedades | B13: 348992.42 | C13: =B13/$B$57 -> 0.070372991 | D13: 359513.82 | E13: =D13/$D$57 -> 0.070392713 | G13: =(D13-B13) -> 10521.405 | H13: =(D13-B13)/B13 -> 0.030147947
A14: Impto. s/ renta no residentes | B14: 6446.1618 | C14: =B14/$B$57 -> 0.0012998439 | D14: 6842.709 | E14: =D14/$D$57 -> 0.0013398007 | G14: =(D14-B14) -> 396.54723 | H14: =(D14-B14)/B14 -> 0.061516797
A15: Impto. sucesiones y donaciones | B15: 46672.899 | C15: =B15/$B$57 -> 0.0094114122 | D15: 59434.864 | E15: =D15/$D$57 -> 0.011637331 | G15: =(D15-B15) -> 12761.965 | H15: =(D15-B15)/B15 -> 0.27343415
A16: Impuesto sobre el patrimonio | B16: 43155.65 | C16: =B16/$B$57 -> 0.0087021723 | D16: 44797.95 | E16: =D16/$D$57 -> 0.008771427 | G16: =(D16-B16) -> 1642.3004 | H16: =(D16-B16)/B16 -> 0.03805528
... A18: Gravamen sobre premios y loterías | B18: 13316.479 | C18: =B18/$B$57 -> 0.0026852172 | D18: 1632.9627 | E18: =D18/$D$57 -> 0.00031973367 | G18: =(D18-B18) -> -11683.516 | H18: =(D18-B18)/B18 -> -0.87737278
A19: Gravamen revalorización. Activos Sociedades
A20: Impto. grandes superficies | B20: 825.13245 | C20: =B20/$B$57 -> 0.00016638481 | D20: 13.775548 | E20: =D20/$D$57 -> 2.6972487e-06 | G20: =(D20-B20) -> -811.3569 | H20: =(D20-B20)/B20 -> -0.98330505
A21: Impuesto sobre valor producción energía eléctrica | B21: 28555.256 | C21: =B21/$B$57 -> 0.0057580584 | D21: 37790.974 | E21: =D21/$D$57 -> 0.007399463 | G21: =(D21-B21) -> 9235.7187 | H21: =(D21-B21)/B21 -> 0.32343324
A22: TOTAL IMPUESTOS DIRECTOS | B22: 1975581.1 | C22: =B22/$B$57 -> 0.39836841 | D22: 2062892.5 | E22: =D22/$D$57 -> 0.40391383 | G22: =(D22-B22) -> 87311.401 | H22: =(D22-B22)/B22 -> 0.0441953
A23: IVA Recaudación directa | B23: 1339007.6 | C23: =B23/$B$57 -> 0.27000577 | D23: 1402291.7 | E23: =D23/$D$57 -> 0.27456835 | G23: =(D23-B23) -> 63284.138 | H23: =(D23-B23)/B23 -> 0.047261972
A24: Impto. Esp. s/ alcoholes | B24: 51809.57 | C24: =B24/$B$57 -> 0.010447202 | D24: 48556.326 | E24: =D24/$D$57 -> 0.0095073161 | G24: =(D24-B24) -> -3253.2441 | H24: =(D24-B24)/B24 -> -0.062792338
A25: Impto. Esp. s/ cerveza | B25: 172.07867 | C25: =B25/$B$57 -> 3.4699008e-05 | D25: 198.00416 | E25: =D25/$D$57 -> 3.8769164e-05 | G25: =(D25-B25) -> 25.925495 | H25: =(D25-B25)/B25 -> 0.15066071
A26: Impto. Esp. productos intermedios | B26: 113.52014 | C26: =B26/$B$57 -> 2.2890904e-05 | D26: 124.17467 | E26: =D26/$D$57 -> 2.4313368e-05 | G26: =(D26-B26) -> 10.654528 | H26: =(D26-B26)/B26 -> 0.093855834
A27: Impto. Esp. s/ medios de transporte | B27: 7531.6102 | C27: =B27/$B$57 -> 0.0015187205 | D27: 8513.44 | E27: =D27/$D$57 -> 0.0016669293 | G27: =(D27-B27) -> 981.82972 | H27: =(D27-B27)/B27 -> 0.1303612
A28: Impto. Esp. s/ hidrocarburos | B28: 227063.78 | C28: =B28/$B$57 -> 0.045786546 | D28: 227002.99 | E28: =D28/$D$57 -> 0.044447127 | G28: =(D28-B28) -> -60.787235 | H28: =(D28-B28)/B28 -> -0.00026770996
A29: Impto. Esp. s/ electricidad | B29: 21576.658 | C29: =B29/$B$57 -> 0.0043508508 | D29: 21963.123 | E29: =D29/$D$57 -> 0.0043003738 | G29: =(D29-B29) -> 386.46501 | H29: =(D29-B29)/B29 -> 0.017911255
A30: Impto. Esp. s/ labores de tabaco | B30: 135552.69 | C30: =B30/$B$57 -> 0.027333684 | D30: 138368.36 | E30: =D30/$D$57 -> 0.027092488 | G30: =(D30-B30) -> 2815.6639 | H30: =(D30-B30)/B30 -> 0.02077173
A31: Total IIEE Recaudación directa | B31: 443819.91 | C31: =B31/$B$57 -> 0.089494593 | D31: 444726.42 | E31: =D31/$D$57 -> 0.087077317 | G31: =(D31-B31) -> 906.50735 | H31: =(D31-B31)/B31 -> 0.0020425117
A32: Ajuste fiscal IVA | B32: 889110.09 | C32: =B32/$B$57 -> 0.17928566 | D32: 969917.6 | E32: =D32/$D$57 -> 0.18990961 | G32: =(D32-B32) -> 80807.512 | H32: =(D32-B32)/B32 -> 0.090885834
A33: Ajuste fiscal Alcoholes y productos intermedios
A34: Ajuste fiscal Cerveza | B34: 6436.1937 | C34: =B34/$B$57 -> 0.0012978339 | D34: 5840.2315 | E34: =D34/$D$57 -> 0.0011435158 | G34: =(D34-B34) -> -595.96223 | H34: =(D34-B34)/B34 -> -0.092595446
A35: Ajuste fiscal Hidrocarburos | B35: 174472.07 | C35: =B35/$B$57 -> 0.035181629 | D35: 69378.696 | E35: =D35/$D$57 -> 0.013584331 | G35: =(D35-B35) -> -105093.38 | H35: =(D35-B35)/B35 -> -0.60235071
A36: Ajuste fiscal labores Tabaco | B36: 12235.117 | C36: =B36/$B$57 -> 0.0024671648 | D36: 24595.716 | E36: =D36/$D$57 -> 0.0048158348 | G36: =(D36-B36) -> 12360.599 | H36: =(D36-B36)/B36 -> 1.0102558
A37: Total Ajustes fiscales | B37: 1082253.5 | C37: =B37/$B$57 -> 0.21823229 | D37: 1069732.2 | E37: =D37/$D$57 -> 0.2094533 | G37: =(D37-B37) -> -12521.23 | H37: =(D37-B37)/B37 -> -0.011569591
A38: Impto. transmisiones patrimoniales | B38: 47584.975 | C38: =B38/$B$57 -> 0.0095953288 | D38: 56070.549 | E38: =D38/$D$57 -> 0.010978599 | G38: =(D38-B38) -> 8485.5738 | H38: =(D38-B38)/B38 -> 0.17832465
A39: Impto. actos jurídicos documentados | B39: 12385.637 | C39: =B39/$B$57 -> 0.0024975165 | D39: 14071.048 | E39: =D39/$D$57 -> 0.0027551076 | G39: =(D39-B39) -> 1685.4114 | H39: =(D39-B39)/B39 -> 0.13607789
A40: Impto. s/ prima de seguros | B40: 20591.041 | C40: =B40/$B$57 -> 0.0041521049 | D40: 21562.891 | E40: =D40/$D$57 -> 0.0042220085 | G40: =(D40-B40) -> 971.8502 | H40: =(D40-B40)/B40 -> 0.047197721
A41: Impto. s/ ventas minoristas hidrocarburos | B41: 226.25582 | C41: =B41/$B$57 -> 4.5623624e-05 | D41: 24.038996 | E41: =D41/$D$57 -> 4.7068293e-06 | G41: =(D41-B41) -> -202.21683 | H41: =(D41-B41)/B41 -> -0.89375303
A42: Impto. s/ actividades del juego | B42: 1925.0317 | C42: =B42/$B$57 -> 0.00038817531 | D42: 2249.5932 | E42: =D42/$D$57 -> 0.00044046977 | G42: =(D42-B42) -> 324.56151 | H42: =(D42-B42)/B42 -> 0.1686006
A43: Impto. s/ gases fluorados | B43: 1496.1953 | C43: =B43/$B$57 -> 0.00030170207 | D43: 1225.4841 | E43: =D43/$D$57 -> 0.00023994948 | G43: =(D43-B43) -> -270.71113 | H43: =(D43-B43)/B43 -> -0.18093302
A44: Impto. s/ residuos | D44: 691.8145 | E44: =D44/$D$57 -> 0.0001354571 | G44: =(D44-B44) -> 691.8145
A45: Imptos. extinguidos
A46: TOTAL IMPUESTOS INDIRECTOS | B46: 2949290.1 | C46: =B46/$B$57 -> 0.5947131 | D46: 3012645.8 | E46: =D46/$D$57 -> 0.58987526 | G46: =(D46-B46) -> 63355.699 | H46: =(D46-B46)/B46 -> 0.021481678
A47: TOTAL IMPUESTOS | B47: 4924871.2 | C47: =B47/$B$57 -> 0.99308151 | D47: 5075538.3 | E47: =D47/$D$57 -> 0.99378909 | G47: =(D47-B47) -> 150667.1 | H47: =(D47-B47)/B47 -> 0.030593104
A48: Tasas sobre juego | B48: 8643.7292 | C48: =B48/$B$57 -> 0.001742975 | D48: 8989.0584 | E48: =D48/$D$57 -> 0.0017600553 | G48: =(D48-B48) -> 345.32926 | H48: =(D48-B48)/B48 -> 0.03995142
A49: Canon superficie minas | B49: 11.51153 | C49: =B49/$B$57 -> 2.3212561e-06 | D49: 41.451012 | E49: =D49/$D$57 -> 8.1160974e-06 | G49: =(D49-B49) -> 29.939482 | H49: =(D49-B49)/B49 -> 2.6008256
A50: Canon Telefónica | B50: 130.97859 | C50: =B50/$B$57 -> 2.6411333e-05 | D50: 731.73934 | E50: =D50/$D$57 -> 0.00014327437 | G50: =(D50-B50) -> 600.76075 | H50: =(D50-B50)/B50 -> 4.5867096
A51: Venta Cartones de Juego | B51: 55.61664 | C51: =B51/$B$57 -> 1.1214883e-05 | D51: 52.39129 | E51: =D51/$D$57 -> 1.0258201e-05 | G51: =(D51-B51) -> -3.22535 | H51: =(D51-B51)/B51 -> -0.057992536
A52: Sanciones Fiscales | B52: 12024.359 | C52: =B52/$B$57 -> 0.0024246661 | D52: 12081.977 | E52: =D52/$D$57 -> 0.0023656479 | G52: =(D52-B52) -> 57.618069 | H52: =(D52-B52)/B52 -> 0.004791779
A53: Intereses de demora | B53: 4118.1476 | C53: =B53/$B$57 -> 0.00083040877 | D53: 2362.5089 | E53: =D53/$D$57 -> 0.00046257862 | G53: =(D53-B53) -> -1755.6387 | H53: =(D53-B53)/B53 -> -0.42631759
A54: Recargo de apremio | B54: 7684.2485 | C54: =B54/$B$57 -> 0.0015494994 | D54: 6808.9386 | E54: =D54/$D$57 -> 0.0013331884 | G54: =(D54-B54) -> -875.30992 | H54: =(D54-B54)/B54 -> -0.11390963
A55: Otros ingresos | B55: 1641.4544 | C55: =B55/$B$57 -> 0.00033099302 | D55: 652.65758 | E55: =D55/$D$57 -> 0.00012779019 | G55: =(D55-B55) -> -988.79681 | H55: =(D55-B55)/B55 -> -0.60239067
A56: TOTAL TASAS Y OTROS | B56: 34310.045 | C56: =B56/$B$57 -> 0.0069184898 | D56: 31720.722 | E56: =D56/$D$57 -> 0.0062109091 | G56: =(D56-B56) -> -2589.3233 | H56: =(D56-B56)/B56 -> -0.075468373
A57: TOTAL TRIBUTOS Y OTROS | B57: 4959181.3 | C57: =B57/$B$57 -> 1 | D57: 5107259.1 | E57: =D57/$D$57 -> 1 | G57: =(D57-B57) -> 148077.78 | H57: =(D57-B57)/B57 -> 0.029859319

Sheet C13
A1: Cuadro nº 13. Recaudación tributaria devoluciones. Detalle por figuras tributarias
B3: 2017 | D3: 2018 | G3: Variación 2018/2017
B4: Importe Miles de euros | C4: % sobre Total | D4: Importe Miles de euros | E4: % sobre Total | G4: Importe Miles de euros | H4: Tasa de Variación
A5: Retenciones trabajo | B5: 3823.3819 | C5: =B5/$B$57 -> 0.0029951833 | D5: 4243.9412 | E5: =D5/$D$57 -> 0.0026127728 | G5: =(D5-B5) -> 420.55926 | H5: =(D5-B5)/B5 -> 0.10999667
A6: Retenciones capital | B6: 666.43747 | C6: =B6/$B$57 -> 0.00052207768 | D6: 1331.7033 | E6: =D6/$D$57 -> 0.00081986012 | G6: =(D6-B6) -> 665.2658 | H6: =(D6-B6)/B6 -> 0.99824189
A7: Fraccionamientos | B7: 433.43504 | C7: =B7/$B$57 -> 0.00033954688 | D7: 823.87164 | E7: =D7/$D$57 -> 0.00050721472 | G7: =(D7-B7) -> 390.4366 | H7: =(D7-B7)/B7 -> 0.90079611
A8: Cuota diferencial | B8: 194643.62 | C8: =B8/$B$57 -> 0.15248106 | D8: 195661.1 | E8: =D8/$D$57 -> 0.12045831 | G8: =(D8-B8) -> 1017.4731 | H8: =(D8-B8)/B8 -> 0.0052273644
A9: Total IRPF | B9: 199566.88 | C9: =B9/$B$57 -> 0.15633787 | D9: 202060.61 | E9: =D9/$D$57 -> 0.12439816 | G9: =(D9-B9) -> 2493.7348 | H9: =(D9-B9)/B9 -> 0.012495735
A10: Retenciones capital | B10: 277.48059 | C10: =B10/$B$57 -> 0.00021737437 | D10: 570.72997 | E10: =D10/$D$57 -> 0.00035136862 | G10: =(D10-B10) -> 293.24938 | H10: =(D10-B10)/B10 -> 1.0568284
A11: Pago a cuenta | B11: 241.80614 | C11: =B11/$B$57 -> 0.00018942751 | D11: 159.53213 | E11: =D11/$D$57 -> 9.8215596e-05 | G11: =(D11-B11) -> -82.27401 | H11: =(D11-B11)/B11 -> -0.34024781
A12: Cuota diferencial | B12: 92455.662 | C12: =B12/$B$57 -> 0.072428457 | D12: 166196.86 | E12: =D12/$D$57 -> 0.10231872 | G12: =(D12-B12) -> 73741.199 | H12: =(D12-B12)/B12 -> 0.79758445
A13: Total Impuesto sociedades | B13: 92974.949 | C13: =B13/$B$57 -> 0.072835259 | D13: 166927.12 | E13: =D13/$D$57 -> 0.10276831 | G13: =(D13-B13) -> 73952.174 | H13: =(D13-B13)/B13 -> 0.79539892
A14: Impto. s/ renta no residentes | B14: 683.7624 | C14: =B14/$B$57 -> 0.00053564979 | D14: 5990.4638 | E14: =D14/$D$57 -> 0.0036880155 | G14: =(D14-B14) -> 5306.7014 | H14: =(D14-B14)/B14 -> 7.7610313
A15: Impto. sucesiones y donaciones | B15: 3290.0474 | C15: =B15/$B$57 -> 0.0025773765 | D15: 831.89343 | E15: =D15/$D$57 -> 0.00051215332 | G15: =(D15-B15) -> -2458.1539 | H15: =(D15-B15)/B15 -> -0.74714849
A16: Impuesto sobre el patrimonio | B16: 2341.4703 | C16: =B16/$B$57 -> 0.0018342747 | D16: 2503.8906 | E16: =D16/$D$57 -> 0.0015415146 | G16: =(D16-B16) -> 162.42025 | H16: =(D16-B16)/B16 -> 0.069366777
A17: Impto s/ depósitos en Entidades Crédito | B17: 310.04909 | C17: =B17/$B$57 -> 0.00024288807 | D17: 8.02721 | E17: =D17/$D$57 -> 4.9419337e-06 | G17: =(D17-B17) -> -302.02188 | H17: =(D17-B17)/B17 -> -0.97410987
A18: Gravamen sobre premios y loterías
A19: Gravamen revalorización. Activos Sociedades | B19: 5.01867 | C19: =B19/$B$57 -> 3.931555e-06 | G19: =(D19-B19) -> -5.01867 | H19: =(D19-B19)/B19 -> -1
A20: Impto. grandes superficies | B20: 24.26578 | C20: =B20/$B$57 -> 1.9009469e-05 | D20: 21.64432 | E20: =D20/$D$57 -> 1.3325277e-05 | G20: =(D20-B20) -> -2.62146 | H20: =(D20-B20)/B20 -> -0.10803115
A21: Impuesto sobre valor producción energía eléctrica | B21: 389.92838 | C21: =B21/$B$57 -> 0.00030546437 | D21: 186.46424 | E21: =D21/$D$57 -> 0.00011479629 | G21: =(D21-B21) -> -203.46414 | H21: =(D21-B21)/B21 -> -0.52179875
A22: TOTAL IMPUESTOS DIRECTOS | B22: 299586.37 | C22: =B22/$B$57 -> 0.23469172 | D22: 378530.12 | E22: =D22/$D$57 -> 0.23304121 | G22: =(D22-B22) -> 78943.75 | H22: =(D22-B22)/B22 -> 0.26350915
A23: IVA Recaudación directa | B23: 874897.15 | C23: =B23/$B$57 -> 0.68538204 | D23: 1190529.3 | E23: =D23/$D$57 -> 0.73294666 | G23: =(D23-B23) -> 315632.12 | H23: =(D23-B23)/B23 -> 0.36076483
A24: Impto. Esp. s/ alcoholes | B24: 106.35088 | C24: =B24/$B$57 -> 8.3313774e-05 | D24: 197.3039 | E24: =D24/$D$57 -> 0.0001214697 | G24: =(D24-B24) -> 90.95302 | H24: =(D24-B24)/B24 -> 0.85521643
A25: Impto. Esp. s/ cerveza | B25: 0.09196 | C25: =B25/$B$57 -> 7.2040162e-08 | D25: 14.29314 | E25: =D25/$D$57 -> 8.7995394e-06 | G25: =(D25-B25) -> 14.20118 | H25: =(D25-B25)/B25 -> 154.42779
A26: Impto. Esp. productos intermedios | B26: 0.21776 | C26: =B26/$B$57 -> 1.705901e-07 | D26: 0.08943 | E26: =D26/$D$57 -> 5.5057378e-08 | G26: =(D26-B26) -> -0.12833 | H26: =(D26-B26)/B26 -> -0.58931852
A27: Impto. Esp. s/ medios de transporte | B27: 89.21293 | C27: =B27/$B$57 -> 6.9888147e-05 | D27: 256.55647 | E27: =D27/$D$57 -> 0.00015794841 | G27: =(D27-B27) -> 167.34354 | H27: =(D27-B27)/B27 -> 1.8757768
A28: Impto. Esp. s/ hidrocarburos | B28: 4519.8745 | C28: =B28/$B$57 -> 0.0035408057 | D28: 3093.1941 | E28: =D28/$D$57 -> 0.001904318 | G28: =(D28-B28) -> -1426.6804 | H28: =(D28-B28)/B28 -> -0.31564602
A29: Impto. Esp. s/ electricidad | B29: 34.65453 | C29: =B29/$B$57 -> 2.7147868e-05 | D29: 328.54552 | E29: =D29/$D$57 -> 0.00020226831 | G29: =(D29-B29) -> 293.89099 | H29: =(D29-B29)/B29 -> 8.4805937
A30: Impto. Esp. s/ labores de tabaco
A31: Total IIEE Recaudación directa | B31: 4750.4026 | C31: =B31/$B$57 -> 0.0037213981 | D31: 3889.9826 | E31: =D31/$D$57 -> 0.002394859 | G31: =(D31-B31) -> -860.42 | H31: =(D31-B31)/B31 -> -0.1811257
A32: Ajuste fiscal IVA
A33: Ajuste fiscal Alcoholes y productos intermedios | B33: 37957.881 | C33: =B33/$B$57 -> 0.029735667 | D33: 35373.247 | E33: =D33/$D$57 -> 0.02177746 | G33: =(D33-B33) -> -2584.6339 | H33: =(D33-B33)/B33 -> -0.068092154
A34: Ajuste fiscal Cerveza | B34: 5.48555 | C34: =B34/$B$57 -> 4.2973022e-06 | G34: =(D34-B34) -> -5.48555 | H34: =(D34-B34)/B34 -> -1
A35: Ajuste fiscal Hidrocarburos | B35: 41320.302 | C35: =B35/$B$57 -> 0.032369739 | G35: =(D35-B35) -> -41320.302 | H35: =(D35-B35)/B35 -> -1
A36: Ajuste fiscal labores Tabaco | D36: 12063.448 | E36: =D36/$D$57 -> 0.0074268348 | G36: =(D36-B36) -> 12063.448
A37: Total Ajustes fiscales | B37: 79283.668 | C37: =B37/$B$57 -> 0.062109704 | D37: 47436.696 | E37: =D37/$D$57 -> 0.029204295 | G37: =(D37-B37) -> -31846.973 | H37: =(D37-B37)/B37 -> -0.40168389
A38: Impto. transmisiones patrimoniales | B38: 325.05136 | C38: =B38/$B$57 -> 0.00025464063 | D38: 223.73186 | E38: =D38/$D$57 -> 0.00013774002 | G38: =(D38-B38) -> -101.3195 | H38: =(D38-B38)/B38 -> -0.31170305
A39: Impto. actos jurídicos documentados | B39: 5762.7606 | C39: =B39/$B$57 -> 0.0045144651 | D39: 87.67806 | E39: =D39/$D$57 -> 5.39788e-05 | G39: =(D39-B39) -> -5675.0825 | H39: =(D39-B39)/B39 -> -0.98478541
A40: Impto. s/ prima de seguros | B40: 21.01994 | C40: =B40/$B$57 -> 1.6466723e-05 | D40: 226.20133 | E40: =D40/$D$57 -> 0.00013926034 | G40: =(D40-B40) -> 205.18139 | H40: =(D40-B40)/B40 -> 9.7612738
A41: Impto. s/ ventas minoristas hidrocarburos | B41: 9514.936 | C41: =B41/$B$57 -> 0.0074538662 | D41: 1074.7888 | E41: =D41/$D$57 -> 0.0006616913 | G41: =(D41-B41) -> -8440.1472 | H41: =(D41-B41)/B41 -> -0.88704193
A42: Impto. s/ actividades del juego | B42: 5.84401 | C42: =B42/$B$57 -> 4.5781147e-06 | D42: 3.32083 | E42: =D42/$D$57 -> 2.0444615e-06 | G42: =(D42-B42) -> -2.52318 | H42: =(D42-B42)/B42 -> -0.43175491
A43: Impto. s/ gases fluorados | B43: 82.99995 | C43: =B43/$B$57 -> 6.5020986e-05 | D43: 8.05226 | E43: =D43/$D$57 -> 4.9573557e-06 | G43: =(D43-B43) -> -74.94769 | H43: =(D43-B43)/B43 -> -0.90298476
A44: Impto. s/ residuos | D44: 67.54525 | E44: =D44/$D$57 -> 4.1584081e-05 | G44: =(D44-B44) -> 67.54525
A45: Imptos. extinguidos
A46: TOTAL IMPUESTOS INDIRECTOS | B46: 974643.83 | C46: =B46/$B$57 -> 0.76352218 | D46: 1243547.3 | E46: =D46/$D$57 -> 0.76558707 | G46: =(D46-B46) -> 268903.43 | H46: =(D46-B46)/B46 -> 0.27589918
A47: TOTAL IMPUESTOS | B47: 1274230.2 | C47: =B47/$B$57 -> 0.99821391 | D47: 1622077.4 | E47: =D47/$D$57 -> 0.99862828 | G47: =(D47-B47) -> 347847.18 | H47: =(D47-B47)/B47 -> 0.27298614
A48: Tasas sobre juego | B48: 76.93121 | C48: =B48/$B$57 -> 6.0266821e-05 | D48: 20.10498 | E48: =D48/$D$57 -> 1.2377586e-05 | G48: =(D48-B48) -> -56.82623 | H48: =(D48-B48)/B48 -> -0.73866289
A49: Canon superficie minas | B49: 0.32498 | C49: =B49/$B$57 -> 2.5458473e-07 | G49: =(D49-B49) -> -0.32498 | H49: =(D49-B49)/B49 -> -1
A50: Canon Telefónica
A51: Venta Cartones de Juego | B51: 0.87173 | C51: =B51/$B$57 -> 6.8290094e-07 | D51: 0.52305 | E51: =D51/$D$57 -> 3.2201455e-07 | G51: =(D51-B51) -> -0.34868 | H51: =(D51-B51)/B51 -> -0.39998623
A52: Sanciones Fiscales | B52: 1136.3669 | C52: =B52/$B$57 -> 0.00089021375 | D52: 1161.2657 | E52: =D52/$D$57 -> 0.00071493062 | G52: =(D52-B52) -> 24.89882 | H52: =(D52-B52)/B52 -> 0.021910899
A53: Intereses de demora | B53: 1.91064 | C53: =B53/$B$57 -> 1.4967683e-06 | G53: =(D53-B53) -> -1.91064 | H53: =(D53-B53)/B53 -> -1
A54: Recargo de apremio | B54: 655.30614 | C54: =B54/$B$57 -> 0.00051335756 | D54: 589.7142 | E54: =D54/$D$57 -> 0.00036305622 | G54: =(D54-B54) -> -65.59194 | H54: =(D54-B54)/B54 -> -0.10009358
A55: Otros ingresos | B55: 408.25639 | C55: =B55/$B$57 -> 0.00031982228 | D55: 456.47657 | E55: =D55/$D$57 -> 0.00028102877 | G55: =(D55-B55) -> 48.22018 | H55: =(D55-B55)/B55 -> 0.11811249
A56: TOTAL TASAS Y OTROS | B56: 2279.968 | C56: =B56/$B$57 -> 0.0017860947 | D56: 2228.0845 | E56: =D56/$D$57 -> 0.0013717152 | G56: =(D56-B56) -> -51.88347 | H56: =(D56-B56)/B56 -> -0.022756227
A57: TOTAL TRIBUTOS Y OTROS | B57: 1276510.2 | C57: =B57/$B$57 -> 1 | D57: 1624305.5 | E57: =D57/$D$57 -> 1 | G57: =(D57-B57) -> 347795.3 | H57: =(D57-B57)/B57 -> 0.27245791

Sheet C14
A1: Cuadro nº 14. Recaudación tributaria líquida. Resumen por figuras tributarias
B3: 2017 | D3: 2018 | G3: Variación 2018/2017
B4: Importe Miles de euros | C4: % sobre Total | D4: Importe Miles de euros | E4: % sobre Total | G4: Importe Miles de euros | H4: Tasa de Variación
A5: IRPF | B5: 1282825.3 | C5: =B5/$B$18 -> 0.348341 | D5: 1345815.4 | E5: =D5/$D$18 -> 0.38640063 | G5: =D5-B5 -> 62990.118 | H5: =(D5-B5)/B5 -> 0.049102646
A6: Impuesto sociedades | B6: 256017.47 | C6: =B6/$B$18 -> 0.069519504 | D6: 192586.7 | E6: =D6/$D$18 -> 0.055294076 | G6: =D6-B6 -> -63430.769 | H6: =(D6-B6)/B6 -> -0.24775953
A7: Impto. s/ renta no residentes | B7: 5762.3994 | C7: =B7/$B$18 -> 0.0015647336 | D7: 852.24522 | E7: =D7/$D$18 -> 0.00024469037 | G7: =D7-B7 -> -4910.1542 | H7: =(D7-B7)/B7 -> -0.85210237
A8: Impuesto sobre el patrimonio | B8: 40814.18 | C8: =B8/$B$18 -> 0.011082765 | D8: 42294.06 | E8: =D8/$D$18 -> 0.012143159 | G8: =D8-B8 -> 1479.8801 | H8: =(D8-B8)/B8 -> 0.03625897
A9: Resto impuestos directos | B9: 90575.401 | C9: =B9/$B$18 -> 0.024595029 | D9: 102813.98 | E9: =D9/$D$18 -> 0.029519192 | G9: =D9-B9 -> 12238.576 | H9: =(D9-B9)/B9 -> 0.1351203
A10: TOTAL IMPUETOS DIRECTOS | B10: 1675994.8 | C10: =B10/$B$18 -> 0.45510303 | D10: 1684362.4 | E10: =D10/$D$18 -> 0.48360174 | G10: =D10-B10 -> 8367.6502 | H10: =(D10-B10)/B10 -> 0.0049926469
A11: IVA | B11: 1353220.5 | C11: =B11/$B$18 -> 0.36745625 | D11: 1181680 | E11: =D11/$D$18 -> 0.33927528 | G11: =D11-B11 -> -171540.47 | H11: =(D11-B11)/B11 -> -0.12676461
A12: Impuestos Especiales | B12: 552929.22 | C12: =B12/$B$18 -> 0.15014353 | D12: 493214.38 | E12: =D12/$D$18 -> 0.14160808 | G12: =D12-B12 -> -59714.842 | H12: =(D12-B12)/B12 -> -0.10799726
A13: TP y AJD | B13: 53882.8 | C13: =B13/$B$18 -> 0.014631445 | D13: 69830.187 | E13: =D13/$D$18 -> 0.020049129 | G13: =D13-B13 -> 15947.387 | H13: =(D13-B13)/B13 -> 0.29596434
A14: Resto impuestos indirectos | B14: 14613.724 | C14: =B14/$B$18 -> 0.0039682403 | D14: 24373.913 | E14: =D14/$D$18 -> 0.0069980586 | G14: =D14-B14 -> 9760.1897 | H14: =(D14-B14)/B14 -> 0.66787835
A15: TOTAL IMPUESTOS INDIRECTOS | B15: 1974646.3 | C15: =B15/$B$18 -> 0.53619946 | D15: 1769098.5 | E15: =D15/$D$18 -> 0.50793055 | G15: =D15-B15 -> -205547.73 | H15: =(D15-B15)/B15 -> -0.10409345
A16: TOTAL IMPUESTOS | B16: 3650641 | C16: =B16/$B$18 -> 0.99130249 | D16: 3453461 | E16: =D16/$D$18 -> 0.99153229 | G16: =D16-B16 -> -197180.08 | H16: =(D16-B16)/B16 -> -0.054012454
... A18: TOTAL TRIBUTOS Y OTROS | B18: 3682671.1 | C18: =B18/$B$18 -> 1 | D18: 3482953.6 | E18: =D18/$D$18 -> 1 | G18: =D18-B18 -> -199717.52 | H18: =(D18-B18)/B18 -> -0.054231702

Sheet C15
A1: Cuadro nº 15. Recaudación tributaria líquida. Detalle por figuras tributarias
B3: 2017 | D3: 2018 | G3: Variación 2018/2017
B4: Importe Miles de euros | C4: % sobre Total | D4: Importe Miles de euros | E4: % sobre Total | G4: Importe Miles de euros | H4: Tasa de Variación
A5: Retenciones trabajo | B5: 1177616 | C5: =B5/$B$57 -> 0.31977224 | D5: 1217856.6 | E5: =D5/$D$57 -> 0.34966203 | G5: =(D5-B5) -> 40240.639 | H5: =(D5-B5)/B5 -> 0.034171274
A6: Retenciones capital | B6: 86742.581 | C6: =B6/$B$57 -> 0.023554257 | D6: 86279.654 | E6: =D6/$D$57 -> 0.024771979 | G6: =(D6-B6) -> -462.92738 | H6: =(D6-B6)/B6 -> -0.005336795
A7: Fraccionamientos | B7: 43632.638 | C7: =B7/$B$57 -> 0.011848095 | D7: 47078.484 | E7: =D7/$D$57 -> 0.013516828 | G7: =(D7-B7) -> 3445.8453 | H7: =(D7-B7)/B7 -> 0.078974031
A8: Cuota diferencial | B8: -25165.885 | C8: =B8/$B$57 -> -0.0068335955 | D8: -5399.3244 | E8: =D8/$D$57 -> -0.0015502143 | G8: =(D8-B8) -> 19766.56 | H8: =-(D8-B8)/B8 -> 0.78545064
A9: Total IRPF | B9: 1282825.3 | C9: =B9/$B$57 -> 0.348341 | D9: 1345815.4 | E9: =D9/$D$57 -> 0.38640063 | G9: =(D9-B9) -> 62990.118 | H9: =(D9-B9)/B9 -> 0.049102646
A10: Retenciones capital | B10: 37126.241 | C10: =B10/$B$57 -> 0.010081335 | D10: 36965.031 | E10: =D10/$D$57 -> 0.010613128 | G10: =(D10-B10) -> -161.2091 | H10: =(D10-B10)/B10 -> -0.0043421876
A11: Pago a cuenta | B11: 133791.45 | C11: =B11/$B$57 -> 0.036330002 | D11: 154960.73 | E11: =D11/$D$57 -> 0.044491183 | G11: =(D11-B11) -> 21169.276 | H11: =(D11-B11)/B11 -> 0.15822593
A12: Cuota diferencial | B12: 85099.779 | C12: =B12/$B$57 -> 0.023108167 | D12: 660.94264 | E12: =D12/$D$57 -> 0.00018976499 | G12: =(D12-B12) -> -84438.836 | H12: =(D12-B12)/B12 -> -0.99223332
A13: Total Impuesto Sociedades | B13: 256017.47 | C13: =B13/$B$57 -> 0.069519504 | D13: 192586.7 | E13: =D13/$D$57 -> 0.055294076 | G13: =(D13-B13) -> -63430.769 | H13: =(D13-B13)/B13 -> -0.24775953
A14: Impto. s/ renta no residentes | B14: 5762.3994 | C14: =B14/$B$57 -> 0.0015647336 | D14: 852.24522 | E14: =D14/$D$57 -> 0.00024469037 | G14: =(D14-B14) -> -4910.1542 | H14: =(D14-B14)/B14 -> -0.85210237
A15: Impto. sucesiones y donaciones | B15: 43382.852 | C15: =B15/$B$57 -> 0.011780268 | D15: 58602.97 | E15: =D15/$D$57 -> 0.016825653 | G15: =(D15-B15) -> 15220.119 | H15: =(D15-B15)/B15 -> 0.3508326
A16: Impuesto sobre el patrimonio | B16: 40814.18 | C16: =B16/$B$57 -> 0.011082765 | D16: 42294.06 | E16: =D16/$D$57 -> 0.012143159 | G16: =(D16-B16) -> 1479.8801 | H16: =(D16-B16)/B16 -> 0.03625897
A17: Impto s/ depósitos en Entidades Crédito | B17: 4914.8955 | C17: =B17/$B$57 -> 0.0013346007 | D17: 4981.4025 | E17: =D17/$D$57 -> 0.0014302236 | G17: =(D17-B17) -> 66.506927 | H17: =(D17-B17)/B17 -> 0.013531707
A18: Gravamen sobre premios y loterías | B18: 13316.479 | C18: =B18/$B$57 -> 0.0036159837 | D18: 1632.9627 | E18: =D18/$D$57 -> 0.00046884423 | G18: =(D18-B18) -> -11683.516 | H18: =(D18-B18)/B18 -> -0.87737278
A19: Gravamen revalorización. Activos Sociedades | B19: -5.01867 | C19: =B19/$B$57 -> -1.3627799e-06 | D19: 0 | E19: =D19/$D$57 -> 0 | G19: =(D19-B19) -> 5.01867 | H19: =(D19-B19)/B19 -> -1
A20: Impto. grandes superficies | B20: 800.86667 | C20: =B20/$B$57 -> 0.00021746896 | D20: -7.8687721 | E20: =D20/$D$57 -> -2.2592239e-06 | G20: =(D20-B20) -> -808.73544 | H20: =(D20-B20)/B20 -> -1.0098253
... A40: Impto. s/ prima de seguros | B40: 20570.021 | C40: =B40/$B$57 -> 0.0055856253 | D40: 21336.69 | E40: =D40/$D$57 -> 0.0061260333 | G40: =(D40-B40) -> 766.66881 | H40: =(D40-B40)/B40 -> 0.037271173
A41: Impto. s/ ventas minoristas hidrocarburos | B41: -9288.6802 | C41: =B41/$B$57 -> -0.0025222671 | D41: -1050.7498 | E41: =D41/$D$57 -> -0.00030168355 | G41: =(D41-B41) -> 8237.9304 | H41: =-(D41-B41)/B41 -> 0.88687846
A42: Impto. s/ actividades del juego | B42: 1919.1877 | C42: =B42/$B$57 -> 0.00052114013 | D42: 2246.2724 | E42: =D42/$D$57 -> 0.0006449332 | G42: =(D42-B42) -> 327.08469 | H42: =(D42-B42)/B42 -> 0.17042871
A43: Impto. s/ gases fluorados | B43: 1413.1953 | C43: =B43/$B$57 -> 0.00038374193 | D43: 1217.4319 | E43: =D43/$D$57 -> 0.00034954008 | G43: =(D43-B43) -> -195.76344 | H43: =(D43-B43)/B43 -> -0.13852539
A44: Impto. s/ residuos | C44: =B44/$B$57 -> 0 | D44: 624.26925 | E44: =D44/$D$57 -> 0.00017923559 | G44: =(D44-B44) -> 624.26925
A45: Imptos. extinguidos | D45: 0 | G45: =(D45-B45) -> 0 | H45: =(D45-B45)/B45 -> #DIV/0!
A46: TOTAL IMPUESTOS INDIRECTOS | B46: 1974646.3 | C46: =B46/$B$57 -> 0.53619946 | D46: 1769098.5 | E46: =D46/$D$57 -> 0.50793055 | G46: =(D46-B46) -> -205547.73 | H46: =(D46-B46)/B46 -> -0.10409345
A47: TOTAL IMPUESTOS | B47: 3650641 | C47: =B47/$B$57 -> 0.99130249 | D47: 3453461 | E47: =D47/$D$57 -> 0.99153229 | G47: =(D47-B47) -> -197180.08 | H47: =(D47-B47)/B47 -> -0.054012454
A48: Tasas sobre juego | B48: 8566.7979 | C48: =B48/$B$57 -> 0.0023262457 | D48: 8968.9534 | E48: =D48/$D$57 -> 0.0025750999 | G48: =(D48-B48) -> 402.15549 | H48: =(D48-B48)/B48 -> 0.046943501
A49: Canon superficie minas | B49: 11.18655 | C49: =B49/$B$57 -> 3.0376185e-06 | D49: 41.451012 | E49: =D49/$D$57 -> 1.1901109e-05 | G49: =(D49-B49) -> 30.264462 | H49: =(D49-B49)/B49 -> 2.705433
A50: Canon Telefónica | B50: 130.97859 | C50: =B50/$B$57 -> 3.5566193e-05 | D50: 731.73934 | E50: =D50/$D$57 -> 0.00021009161 | G50: =(D50-B50) -> 600.76075 | H50: =(D50-B50)/B50 -> 4.5867096
A51: Venta Cartones de Juego | B51: 54.74491 | C51: =B51/$B$57 -> 1.4865544e-05 | D51: 51.86824 | E51: =D51/$D$57 -> 1.4892027e-05 | G51: =(D51-B51) -> -2.87667 | H51: =(D51-B51)/B51 -> -0.052546803
A52: Sanciones Fiscales | B52: 10887.992 | C52: =B52/$B$57 -> 0.0029565474 | D52: 10920.711 | E52: =D52/$D$57 -> 0.0031354742 | G52: =(D52-B52) -> 32.719249 | H52: =(D52-B52)/B52 -> 0.0030050766
A53: Intereses de demora | B53: 4116.237 | C53: =B53/$B$57 -> 0.0011177314 | D53: 2362.5089 | E53: =D53/$D$57 -> 0.00067830616 | G53: =(D53-B53) -> -1753.7281 | H53: =(D53-B53)/B53 -> -0.4260513
A54: Recargo de apremio | B54: 7028.9424 | C54: =B54/$B$57 -> 0.0019086533 | D54: 6219.2244 | E54: =D54/$D$57 -> 0.0017856179 | G54: =(D54-B54) -> -809.71798 | H54: =(D54-B54)/B54 -> -0.1151977
A55: Otros ingresos | B55: 1233.198 | C55: =B55/$B$57 -> 0.00033486509 | D55: 196.18101 | E55: =D55/$D$57 -> 5.6326048e-05 | G55: =(D55-B55) -> -1037.017 | H55: =(D55-B55)/B55 -> -0.84091686
A56: TOTAL TASAS Y OTROS | B56: 32030.077 | C56: =B56/$B$57 -> 0.0086975122 | D56: 29492.637 | E56: =D56/$D$57 -> 0.008467709 | G56: =(D56-B56) -> -2537.4398 | H56: =(D56-B56)/B56 -> -0.079220533
A57: TOTAL TRIBUTOS Y OTROS | B57: 3682671.1 | C57: =B57/$B$57 -> 1 | D57: 3482953.6 | E57: =D57/$D$57 -> 1 | G57: =(D57-B57) -> -199717.52 | H57: =(D57-B57)/B57 -> -0.054231702

Sheet G16
A1: Gráfico nº 16. Recaudación tributaria líquida. Porcentaje gestión directa - ajustes fiscales
B25: 2017 | C25: 2018
B26: Importe Miles de euros | C26: Importe Miles de euros
A27: Recaudación gestión directa | B27: =B29-B28 -> 2679701.3 | C27: =C29-C28 -> 2460658
A28: Ajustes fiscales | B28: ='C15'!B37 -> 1002969.8 | C28: ='C15'!D37 -> 1022295.5
A29: Recaudación total | B29: ='C15'!B57 -> 3682671.1 | C29: ='C15'!D57 -> 3482953.6

Sheet C17
A1: Cuadro nº 17. Recaudación tributaria. Ajustes por impactos cambios normativos
B3: Impacto negativo | C3: Impacto positivo | D3: Saldo total
A4: Modificaciones Cuota diferencial IRPF 2017 | C4: 3920000
A5: Incremento anticipos y deducción pensiones viudedad y otras | B5: 4711000
A6: Modificaciones Cuota diferencial IS 2017 | C6: 12065000
A7: Modifcaciones IS 2018 pago a cuenta | C7: 1854000
A8: Otras medidas fiscales (sanciones) | C8: 800000
A9: Nuevo Impuesto Residuos | C9: 624000
A10: TOTAL | B10: =SUM(B4:B9) -> 4711000 | C10: =SUM(C4:C9) -> 19263000 | D10: =C10-B10 -> 14552000

Sheet C18
A1: Cuadro nº 18. Evolución y situación de las deudas por tramos de deudas
B3: 43100 | E3: 43465 | I3: Variación entre fechas
A4: TRAMOS DE DEUDA | B4: Deudores Número | C4: Importe Miles de euros | D4: % Deuda s/total | E4: Deudores Número | F4: Importe Miles de euros | G4: % Deuda s/total | I4: Deudores Número | J4: Importe Miles de euros | K4: Tasa de variación
A5: Más de 600.000 euros | B5: 127 | C5: 189369 | D5: =C5/$C$19 -> 0.3688937 | E5: 124 | F5: 197452 | G5: =F5/$F$19 -> 0.3835494 | I5: =E5-B5 -> -3 | J5: =F5-C5 -> 8083 | K5: =J5/C5 -> 0.042683861
A6: de 300.000 a 600.000 euros | B6: 183 | C6: 76213 | D6: =C6/$C$19 -> 0.14846409 | E6: 176 | F6: 73891 | G6: =F6/$F$19 -> 0.14353285 | I6: =E6-B6 -> -7 | J6: =F6-C6 -> -2322 | K6: =J6/C6 -> -0.030467243
A7: de 150.000 a 300.000 euros | B7: 325 | C7: 67114 | D7: =C7/$C$19 -> 0.1307391 | E7: 325 | F7: 67044 | G7: =F7/$F$19 -> 0.13023259 | I7: =E7-B7 -> 0 | J7: =F7-C7 -> -70 | K7: =J7/C7 -> -0.0010430015
A8: de 90.000 a 150.000 euros | B8: 391 | C8: 45103 | D8: =C8/$C$19 -> 0.087861332 | E8: 387 | F8: 44676 | G8: =F8/$F$19 -> 0.08678288 | I8: =E8-B8 -> -4 | J8: =F8-C8 -> -427 | K8: =J8/C8 -> -0.0094672195
A9: de 60.000 a 90.000 euros | B9: 390 | C9: 28448 | D9: =C9/$C$19 -> 0.055417138 | E9: 389 | F9: 28343 | G9: =F9/$F$19 -> 0.055056119 | I9: =E9-B9 -> -1 | J9: =F9-C9 -> -105 | K9: =J9/C9 -> -0.0036909449
A10: de 30.000 a 60.000 euros | B10: 850 | C10: 36511 | D10: =C10/$C$19 -> 0.071123985 | E10: 796 | F10: 33980 | G10: =F10/$F$19 -> 0.06600596 | I10: =E10-B10 -> -54 | J10: =F10-C10 -> -2531 | K10: =J10/C10 -> -0.069321574
A11: de 6.000 a 30.000 euros | B11: 3325 | C11: 44290 | D11: =C11/$C$19 -> 0.086277596 | E11: 3275 | F11: 43360 | G11: =F11/$F$19 -> 0.084226557 | I11: =E11-B11 -> -50 | J11: =F11-C11 -> -930 | K11: =J11/C11 -> -0.020997968
A12: de 1.200 a 6.000 euros | B12: 2982 | C12: 12801 | D12: =C12/$C$19 -> 0.024936543 | E12: 2956 | F12: 12874 | G12: =F12/$F$19 -> 0.025007673 | I12: =E12-B12 -> -26 | J12: =F12-C12 -> 73 | K12: =J12/C12 -> 0.0057026795
A13: de 600 a 1.200 euros | B13: 8051 | C13: 11625 | D13: =C13/$C$19 -> 0.022645677 | E13: 8075 | F13: 11395 | G13: =F13/$F$19 -> 0.022134724 | I13: =E13-B13 -> 24 | J13: =F13-C13 -> -230 | K13: =J13/C13 -> -0.019784946
A14: de 300 a 600 euros | B14: 3149 | C14: 1330 | D14: =C14/$C$19 -> 0.0025908603 | E14: 3010 | F14: 1276 | G14: =F14/$F$19 -> 0.0024786228 | I14: =E14-B14 -> -139 | J14: =F14-C14 -> -54 | K14: =J14/C14 -> -0.040601504
A15: de 120 a 300 euros | B15: 2016 | C15: 411 | D15: =C15/$C$19 -> 0.00080063427 | E15: 1900 | F15: 386 | G15: =F15/$F$19 -> 0.00074980284 | I15: =E15-B15 -> -116 | J15: =F15-C15 -> -25 | K15: =J15/C15 -> -0.060827251
A16: de 60 a 120 euros | B16: 915 | C16: 81 | D16: =C16/$C$19 -> 0.00015778924 | E16: 916 | F16: 80 | G16: =F16/$F$19 -> 0.00015539955 | I16: =E16-B16 -> 1 | J16: =F16-C16 -> -1 | K16: =J16/C16 -> -0.012345679
... A18: menos de 30 euros | B18: 1298 | C18: 14 | D18: =C18/$C$19 -> 2.7272214e-05 | E18: 944 | F18: 11 | G18: =F18/$F$19 -> 2.1367438e-05 | I18: =E18-B18 -> -354 | J18: =F18-C18 -> -3 | K18: =J18/C18 -> -0.21428571
A19: TOTALES | B19: =SUM(B5:B18) -> 24742 | C19: =SUM(C5:C18) -> 513343 | D19: =C19/$C$19 -> 1 | E19: =SUM(E5:E18) -> 24035 | F19: =SUM(F5:F18) -> 514802 | G19: =F19/$F$19 -> 1 | I19: =E19-B19 -> -707 | J19: =F19-C19 -> 1459 | K19: =J19/C19 -> 0.0028421543

Sheet C19
A1: Cuadro nº19. Evolución y situación de las deudas por inicial de NIF
B3: 43100 | E3: 43465 | I3: Variación entre fechas
B4: Deudores Número | C4: Importe Miles de euros | D4: % Deuda s/total | E4: Deudores Número | F4: Importe Miles de euros | G4: % Deuda s/total | I4: Deudores Número | J4: Importe Miles de euros | K4: Tasa de variación
A5: A-SOCIEDADES ANONIMAS | B5: 500 | C5: 74757 | D5: =C5/$C$27 -> 0.14562778 | E5: 454 | F5: 76189 | G5: =F5/$F$27 -> 0.14799671 | I5: =E5-B5 -> -46 | J5: =F5-C5 -> 1432 | K5: =J5/C5 -> 0.019155397
A6: B-SOCIEDADES LIMITADAS | B6: 6135 | C6: 305833 | D6: =C6/$C$27 -> 0.59576735 | E6: 5816 | F6: 303712 | G6: =F6/$F$27 -> 0.58995886 | I6: =E6-B6 -> -319 | J6: =F6-C6 -> -2121 | K6: =J6/C6 -> -0.0069351574
A7: C-SOCIEDADES COLECTIVAS | B7: 2 | C7: 1 | D7: =C7/$C$27 -> 1.9480153e-06 | G7: =F7/$F$27 -> 0 | I7: =E7-B7 -> -2 | J7: =F7-C7 -> -1 | K7: =J7/C7 -> -1
A8: E-COMUNIDADES DE BIENES | B8: 1652 | C8: 46023 | D8: =C8/$C$27 -> 0.089653507 | E8: 1545 | F8: 45139 | G8: =F8/$F$27 -> 0.087682255 | I8: =E8-B8 -> -107 | J8: =F8-C8 -> -884 | K8: =J8/C8 -> -0.019207787
A9: F-SOCIEDADES COOPERATIVAS | B9: 161 | C9: 2507 | D9: =C9/$C$27 -> 0.0048836743 | E9: 168 | F9: 2873 | G9: =F9/$F$27 -> 0.0055807864 | I9: =E9-B9 -> 7 | J9: =F9-C9 -> 366 | K9: =J9/C9 -> 0.14599122
A10: G-ASOCIACIONES Y OTROS | B10: 134 | C10: 1575 | D10: =C10/$C$27 -> 0.003068124 | E10: 112 | F10: 1338 | G10: =F10/$F$27 -> 0.0025990575 | I10: =E10-B10 -> -22 | J10: =F10-C10 -> -237 | K10: =J10/C10 -> -0.15047619
A11: H-COPROPIETARIOS | B11: 28 | C11: 11 | D11: =C11/$C$27 -> 2.1428168e-05 | E11: 20 | F11: 6 | G11: =F11/$F$27 -> 1.1654966e-05 | I11: =E11-B11 -> -8 | J11: =F11-C11 -> -5 | K11: =J11/C11 -> -0.45454545
A12: J-DESCONOCIDO | B12: 140 | C12: 1694 | D12: =C12/$C$27 -> 0.0032999379 | E12: 102 | F12: 1069 | G12: =F12/$F$27 -> 0.0020765265 | I12: =E12-B12 -> -38 | J12: =F12-C12 -> -625 | K12: =J12/C12 -> -0.36894923
A13: K-MENORES | B13: 6 | C13: 2 | D13: =C13/$C$27 -> 3.8960305e-06 | E13: 5 | F13: 4 | G13: =F13/$F$27 -> 7.7699776e-06 | I13: =E13-B13 -> -1 | J13: =F13-C13 -> 2 | K13: =J13/C13 -> 1
A14: L-DESCONOCIDO | B14: 9 | C14: 2 | D14: =C14/$C$27 -> 3.8960305e-06 | G14: =F14/$F$27 -> 0 | I14: =E14-B14 -> -9 | J14: =F14-C14 -> -2 | K14: =J14/C14 -> -1
A15: M-DESCONOCIDO | B15: 231 | C15: 154 | D15: =C15/$C$27 -> 0.00029999435 | E15: 322 | F15: 209 | G15: =F15/$F$27 -> 0.00040598133 | I15: =E15-B15 -> 91 | J15: =F15-C15 -> 55 | K15: =J15/C15 -> 0.35714286
A16: N-DESCONOCIDO | B16: 29 | C16: 55 | D16: =C16/$C$27 -> 0.00010714084 | E16: 29 | F16: 168 | G16: =F16/$F$27 -> 0.00032633906 | I16: =E16-B16 -> 0 | J16: =F16-C16 -> 113 | K16: =J16/C16 -> 2.0545455
A17: P-CORPORACIONES LOCALES | B17: 4 | C17: 27 | D17: =C17/$C$27 -> 5.2596412e-05 | E17: 3 | F17: 5 | G17: =F17/$F$27 -> 9.712472e-06 | I17: =E17-B17 -> -1 | J17: =F17-C17 -> -22 | K17: =J17/C17 -> -0.81481481
A18: Q. ORG. AUT. CONG. RELIGIOSAS | B18: 3 | C18: 4 | D18: =C18/$C$27 -> 7.7920611e-06 | E18: 7 | F18: 31 | G18: =F18/$F$27 -> 6.0217326e-05 | I18: =E18-B18 -> 4 | J18: =F18-C18 -> 27 | K18: =J18/C18 -> 6.75
A19: R-DESCONOCIDO | B19: 2 | C19: 1 | D19: =C19/$C$27 -> 1.9480153e-06 | E19: 2 | F19: 3 | G19: =F19/$F$27 -> 5.8274832e-06 | I19: =E19-B19 -> 0 | J19: =F19-C19 -> 2 | K19: =J19/C19 -> 2
A20: S-ORG.ADMON.GOB.NAVA | B20: 1 | C20: 1 | D20: =C20/$C$27 -> 1.9480153e-06 | E20: 2 | F20: 1 | G20: =F20/$F$27 -> 1.9424944e-06 | I20: =E20-B20 -> 1 | J20: =F20-C20 -> 0 | K20: =J20/C20 -> 0
A21: U-DESCONOCIDO | B21: 32 | C21: 9104 | D21: =C21/$C$27 -> 0.017734731 | E21: 31 | F21: 8705 | G21: =F21/$F$27 -> 0.016909414 | I21: =E21-B21 -> -1 | J21: =F21-C21 -> -399 | K21: =J21/C21 -> -0.043826889
A22: V-DESCONOCIDO | B22: 87 | C22: 272 | D22: =C22/$C$27 -> 0.00052986015 | E22: 49 | F22: 187 | G22: =F22/$F$27 -> 0.00036324645 | I22: =E22-B22 -> -38 | J22: =F22-C22 -> -85 | K22: =J22/C22 -> -0.3125
A23: W-DESCONOCIDO | B23: 12 | C23: 56 | D23: =C23/$C$27 -> 0.00010908885 | E23: 8 | F23: 14 | G23: =F23/$F$27 -> 2.7194922e-05 | I23: =E23-B23 -> -4 | J23: =F23-C23 -> -42 | K23: =J23/C23 -> -0.75
A24: X-DESCONOCIDO | B24: 3354 | C24: 9080 | D24: =C24/$C$27 -> 0.017687979 | E24: 2850 | F24: 8401 | G24: =F24/$F$27 -> 0.016318895 | I24: =E24-B24 -> -504 | J24: =F24-C24 -> -679 | K24: =J24/C24 -> -0.074779736
A25: Y-DESCONOCIDO | B25: 561 | C25: 1285 | D25: =C25/$C$27 -> 0.0025031996 | E25: 684 | F25: 1641 | G25: =F25/$F$27 -> 0.0031876333 | I25: =E25-B25 -> 123 | J25: =F25-C25 -> 356 | K25: =J25/C25 -> 0.2770428
A26: RESTO | B26: 11659 | C26: 60899 | D26: =C26/$C$27 -> 0.11863218 | E26: 11826 | F26: 65110 | G26: =F26/$F$27 -> 0.12647581 | I26: =E26-B26 -> 167 | J26: =F26-C26 -> 4211 | K26: =J26/C26 -> 0.069147277
A27: TOTALES | B27: =SUM(B5:B26) -> 24742 | C27: =SUM(C5:C26) -> 513343 | D27: =C27/$C$27 -> 1 | E27: 24035 | F27: 514802 | G27: =F27/$F$27 -> 1 | I27: =E27-B27 -> -707 | J27: =F27-C27 -> 1459 | K27: =J27/C27 -> 0.0028421543

Sheet G20
A1: Gráfico nº 20. Gráfico de los tipos de atención administrativa
B31: Tipo atención (en porcentaje)
A32: Emisión de certificaciones/ incumplimientos / Requerimientos | B32: 0.3668
A33: Información y recepción de autoliquidaciones de Sucesiones, ITP y AJD | B33: 0.2463
A34: Gestiones sobre recaudación (aplazamientos, providencias de apremio, etc) | B34: 0.1036
A35: Consultas generales sobre IRPF (propuestas, PINs, devoluciones,liquidaciones) | B35: 0.0434
A36: Bases de datos (NIFs, altas, bajas, modificaciones) | B36: 0.0503
A37: Otros conceptos | B37: 0.1896

Sheet G21
A1: Gráfico nº 21. Atención presencial administrativa. Evolución temporal personas atendidas
A26: Año | B26: Personas atendidas
A27: 2009 | B27: 86679
A28: 2010 | B28: 76275
A29: 2011 | B29: 75838
A30: 2012 | B30: 70229
A31: 2013 | B31: 76655
A32: 2014 | B32: 75449
A33: 2015 | B33: 71759
A34: 2016 | B34: 70153
A35: 2017 | B35: 67654
A36: 2018 | B36: 64880

Sheet G22
A1: Gráfico nº 22. Atención presencial técnico tributaria. Evolución temporal personas atendidas
A25: Año | B25: Personas atendidas
A26: 2009 | B26: 14908
A27: 2010 | B27: 15668
A28: 2011 | B28: 13556
A29: 2012 | B29: 14643
A30: 2013 | B30: 15229
A31: 2014 | B31: 16659
A32: 2015 | B32: 16114
A33: 2016 | B33: 15926
A34: 2017 | B34: 17460
A35: 2018 | B35: 16732

Sheet C23
A1: Cuadro nº 23. Atenciones presenciales por conceptos
A3: Impuesto/Concepto | B3: Nº atenciones presenciales ventanilla | C3: % s/ total atenciones ventanilla | E3: Nº citas previas Unidad entidades colaboradoras | F3: % s/ total citas | H3: Nº total atenciones | I3: % s/ total citas
A4: IRPF y Patrimonio | B4: 7147 | C4: =B4/$B$16 -> 0.36401141 | E4: 166 | F4: =E4/$E$16 -> 0.28327645 | H4: =B4+E4 -> 7313 | I4: =H4/$H$16 -> 0.36167161
A5: IVA | B5: 4514 | C5: =B5/$B$16 -> 0.2299073 | E5: 147 | F5: =E5/$E$16 -> 0.25085324 | H5: =B5+E5 -> 4661 | I5: =H5/$H$16 -> 0.23051434
A6: Sociedades | B6: 285 | C6: =B6/$B$16 -> 0.014515636 | E6: 112 | F6: =E6/$E$16 -> 0.19112628 | H6: =B6+E6 -> 397 | I6: =H6/$H$16 -> 0.019634026
A7: Renta No Residentes | B7: 322 | C7: =B7/$B$16 -> 0.016400122 | E7: 14 | F7: =E7/$E$16 -> 0.023890785 | H7: =B7+E7 -> 336 | I7: =H7/$H$16 -> 0.016617211
A8: TP y AJD | B8: 1416 | C8: =B8/$B$16 -> 0.072119792 | E8: 48 | F8: =E8/$E$16 -> 0.081911263 | H8: =B8+E8 -> 1464 | I8: =H8/$H$16 -> 0.072403561
A9: Sucesiones y Donaciones | B9: 1543 | C9: =B9/$B$16 -> 0.078588163 | E9: 29 | F9: =E9/$E$16 -> 0.049488055 | H9: =B9+E9 -> 1572 | I9: =H9/$H$16 -> 0.077744807
A10: Especiales | B10: 72 | C10: =B10/$B$16 -> 0.0036671081 | E10: 5 | F10: =E10/$E$16 -> 0.0085324232 | H10: =B10+E10 -> 77 | I10: =H10/$H$16 -> 0.0038081108
A11: Recaudación | B11: 554 | C11: =B11/$B$16 -> 0.028216359 | E11: 34 | F11: =E11/$E$16 -> 0.058020478 | H11: =B11+E11 -> 588 | I11: =H11/$H$16 -> 0.029080119
A12: Incump./Requerim./Certific. | B12: 282 | C12: =B12/$B$16 -> 0.01436284 | F12: =E12/$E$16 -> 0 | H12: =B12+E12 -> 282 | I12: =H12/$H$16 -> 0.013946588
A13: Censos/Censo Entidades/NIF | B13: 358 | C13: =B13/$B$16 -> 0.018233676 | F13: =E13/$E$16 -> 0 | H13: =B13+E13 -> 358 | I13: =H13/$H$16 -> 0.017705242
A14: Modelos informativos | B14: 175 | C14: =B14/$B$16 -> 0.0089131099 | F14: =E14/$E$16 -> 0 | H14: =B14+E14 -> 175 | I14: =H14/$H$16 -> 0.0086547972
A15: Otros | B15: 2966 | C15: =B15/$B$16 -> 0.15106448 | E15: 31 | F15: =E15/$E$16 -> 0.052901024 | H15: =B15+E15 -> 2997 | I15: =H15/$H$16 -> 0.14821958
A16: Total | B16: =SUM(B4:B15) -> 19634 | C16: =B16/$B$16 -> 1 | E16: =SUM(E4:E15) -> 586 | F16: =E16/$E$16 -> 1 | H16: =SUM(H4:H15) -> 20220 | I16: =H16/$H$16 -> 1

Sheet G24
A1: Gráfico nº 24. Evolución temporal llamadas recibidas
A26: Año | B26: Llamadas recibidas
A27: 2009 | B27: 211853
A28: 2010 | B28: 207792
A29: 2011 | B29: 196404
A30: 2012 | B30: 219248
A31: 2013 | B31: 236699
A32: 2014 | B32: 211105
A33: 2015 | B33: 186996
A34: 2016 | B34: 154893
A35: 2017 | B35: 156929
A36: 2018 | B36: 165661

Sheet G25
A1: Gráfico nº 25. Evolución temporal llamadas telefónicas atendidas diarias
A30: Año | B30: Llamadas atendidas diarias
A31: 2009 | B31: 835
A32: 2010 | B32: 831
A33: 2011 | B33: 790
A34: 2012 | B34: 874
A35: 2013 | B35: 936
A36: 2014 | B36: 845
A37: 2015 | B37: 729
A38: 2016 | B38: 728
A39: 2017 | B39: 721
A40: 2018 | B40: 670

Sheet C26
A1: Cuadro nº 26. Llamadas derivadas desde centralita por unidad
A3: Unidad | B3: Número Derivaciones | C3: Media día | D3: % atendidas
A4: IRPF y Patrimonio | B4: 13018 | C4: 52 | D4: 0.77
A5: IVA | B5: 12231 | C5: 49 | D5: 0.78
A6: Sucesiones y TP (e-mail) | B6: 1231 | C6: 5 | D6: 1
A7: Imptos. Especiales (e-mail) | B7: 1756 | C7: 7 | D7: 1
A8: Impto. Sociedades (*) | B8: 559 | C8: 29 | D8: 0.8
A9: Impto. Sociedades (e-mail) | B9: 1632 | C9: 7 | D9: 1
A10: Grandes empresas (e-mail) | B10: 2134 | C10: 9 | D10: 1
A11: Campaña de Renta y Patrimonio (**) | B11: 7311 | C11: 29 | D11: 0.83
A12: Asistencia al contribuyente (e-mail) | B12: 2492 | C12: 10 | D12: 1
A13: Citas previas Renta (fuera de Campaña) | B13: 1109 | C13: 4 | D13: 0.78
A14: Otras | B14: 413 | C14: 2 | D14: 1
A15: Total | B15: =SUM(B4:B14) -> 43886
A17: (**) Plazo de sociedades (del 11 de julio al 26 de julio) Dentro de este período no funciona el sistema de correo electrónico sino que se transfieren directamente las llamadas.
A18: (**) Campaña IRPF y Patrimonio (abril, mayo y junio )

Sheet G27
A1: Gráfico nº 27. Gráfico de la distribución de la atención presencial y telefónica por meses
A32: Mes | B32: Atención Presencial | C32: Atención Telefónica
A33: Enero | B33: 16814 | C33: 15261
A34: Febrero | B34: 12813 | C34: 10497
A35: Marzo | B35: 12939 | C35: 9815
A36: Abril | B36: 19603 | C36: 22245
A37: Mayo | B37: 14811 | C37: 23152
A38: Junio | B38: 15000 | C38: 19703
A39: Julio | B39: 12093 | C39: 13435
A40: Agosto | B40: 9298 | C40: 9890
A41: Septiembre | B41: 9969 | C41: 9492
A42: Octubre | B42: 14735 | C42: 11507
A43: Noviembre | B43: 11129 | C43: 11056
A44: Diciembre | B44: 9613 | C44: 9608

Sheet G28
A1: Gráfico nº 28. Gráfico evolución atención por correo electrónico
A28: Año | B28: Correos recibidos
A29: 2009 | B29: 6737
A30: 2010 | B30: 6545
A31: 2011 | B31: 9210
A32: 2012 | B32: 10572
A33: 2013 | B33: 13995
A34: 2014 | B34: 13941
A35: 2015 | B35: 15192
A36: 2016 | B36: 15653
A37: 2017 | B37: 16637
A38: 2018 | B38: 21114

Sheet G29
A1: Gráfico nº 29. Gráfico evolución atención buzón colaboradores
A28: Año | B28: Nº atenciones
A29: 2009 | B29: 2411
A30: 2010 | B30: 2595
A31: 2011 | B31: 3272
A32: 2012 | B32: 4109
A33: 2013 | B33: 5322
A34: 2014 | B34: 5110
A35: 2015 | B35: 4552
A36: 2016 | B36: 3836
A37: 2017 | B37: 3998
A38: 2018 | B38: 4588

Sheet G30
A1: Gráfico nº 30. Documentos registrados según unidad de destino
A35: Unidad | B35: Número | C35: % s/Total
A36: Servicio de Recaudación | B36: 4968 | C36: =B36/$B$44 -> 0.20676739
A37: Servicio de Gestión de Renta y Patrimonio | B37: 7551 | C37: =B37/$B$44 -> 0.31427144
A38: Servicio de Gestión Tributaria | B38: 2603 | C38: =B38/$B$44 -> 0.10833645
A39: Servicio de Asistencia e Información al Contribuyente | B39: 2280 | C39: =B39/$B$44 -> 0.094893245
A40: Servicio de Riqueza Territorial y Tributos Patrimoniales | B40: 2 | C40: =B40/$B$44 -> 8.3239689e-05
A41: Otras Unidades Hacienda Tributaria de Navarra | B41: 377 | C41: =B41/$B$44 -> 0.015690681
A42: Otras Unidades Dpto. Hacienda y Política Financiera | B42: 1328 | C42: =B42/$B$44 -> 0.055271153
A43: Otros Departamentos | B43: 4918 | C43: =B43/$B$44 -> 0.20468639
A44: Total | B44: =SUM(B36:B43) -> 24027 | C44: =SUM(C36:C43) -> 1

Sheet G31
A1: Gráfico nº 31. Evolución temporal documentos registrados
A27: Año | B27: Documentos recibidos | C27: Documentos para otros Departamentos
A28: 2009 | B28: 59133 | C28: 17397
A29: 2010 | B29: 56345 | C29: 17374
A30: 2011 | B30: 43200 | C30: 10183
A31: 2012 | B31: 39992 | C31: 7664
A32: 2013 | B32: 37727 | C32: 6255
A33: 2014 | B33: 40584 | C33: 7428
A34: 2015 | B34: 30677 | C34: 6538
A35: 2016 | B35: 32020 | C35: 7062
A36: 2017 | B36: 26093 | C36: 5572
A37: 2018 | B37: 24027 | C37: 4918

Sheet C32
A1: Cuadro nº 32. Directorios portal web más visitados. Número de accesos
A3: Directorios más visitados | B3: Nº accesos
A4: Página principal Hacienda | B4: 1478746
A5: Página campaña Renta (Gracias a ti) | B5: 536567
A6: Servicios telemáticos | B6: 193179
A7: Generador de impresos | B7: 112521
A8: Información fiscal | B8: 87526
A9: Calendario del contribuyente | B9: 75676
A10: Normativa tributaria | B10: 70673
A11: Manuales de ayuda (Empresarios y profesionales) | B11: 54827
A12: Normativa IRPF | B12: 48478
A13: Suministro Inmediato Información (SII) | B13: 47355
A14: Manuales de ayuda (Ciudadanos) | B14: 42628

Sheet C33
A1: Cuadro nº 33. Tipos de certificados expedidos
A3: Modelo | B3: Número
A4: Estar al corriente en las obligaciones tributarias | B4: 136008
A5: No estar al corriente en las obligaciones tributarias (*) | B5: 58145
A6: Estar al corriente en obligaciones tributarias (contratistas) | B6: 34945
A7: Impuesto sobre Actividades Económicas (IAE) - histórico- | B7: 13423
A8: Impuesto sobre Actividades Económicas (IAE) | B8: 13160
A9: Deducción en vivienda habitual | B9: 7542
A10: Régimen de tributación en el IVA | B10: 4879
A11: Condición de sujeto pasivo de IVA | B11: 4383
A12: Retenciones a cuenta (modelo 190) | B12: 4602
A13: Bases imponibles y liquidables IRPF | B13: 4439
A14: Residencia fiscal en España | B14: 2174
A15: Saldos pendientes de devolución | B15: 1335
A16: Deudas por NIF | B16: 1753
A17: TOTAL | B17: =B4+SUM(B6:B16) -> 228643
A19: (*) Indica el número de certificados de “estar al corriente” que ha sido denegado porque el solicitante incumplía las condiciones

Sheet G34
A1: Gráfico nº 34. Evolución de la presentación telemática de declaraciones
A29: Año | B29: IVA | C29: Fraccionamientos | D29: Recapitulativa operaciones intracomunitarias | E29: Informativas | F29: Sociedades
A30: 2009 | B30: 139298 | C30: 48019 | D30: 11313 | E30: 74083 | F30: 17454
A31: 2010 | B31: 155555 | C31: 49976 | D31: 16241 | E31: 93924 | F31: 17852
A32: 2011 | B32: 158799 | C32: 52600 | D32: 20904 | E32: 99132 | F32: 18416
A33: 2012 | B33: 160883 | C33: 54438 | D33: 21534 | E33: 99711 | F33: 18042
A34: 2013 | B34: 166124 | C34: 58345 | D34: 23760 | E34: 100895 | F34: 19090
A35: 2014 | B35: 165166 | C35: 63305 | D35: 23561 | E35: 101111 | F35: 18005
A36: 2015 | B36: 169888 | C36: 67411 | D36: 25186 | E36: 104491 | F36: 18631
A37: 2016 | B37: 175821 | C37: 70118 | D37: 25707 | E37: 109620 | F37: 18652
A38: 2017 | B38: 179378 | C38: 71775 | D38: 27402 | E38: 117016 | F38: 18540
A39: 2018 | B39: 183376 | C39: 73500 | D39: 28599 | E39: 121020 | F39: 19260

Sheet C35
A1: Cuadro nº 35. Porcentaje de declaraciones telemáticas según modelos e incremento sobre año anterior
A3: Modelo | B3: Concepto | C3: Porcentaje telemáticas | D3: % variación anual
A4: O4 | B4: Comunicación libros obligatorios | C4: 93.96 | D4: 0.91
A5: F50 | B5: Operaciones con terceros | C5: 87 | D5: -2.05
A6: 309 | B6: IVA no habitual | C6: 77.73 | D6: -9.02
A7: F69 | B7: IVA periódico | C7: 83.18 | D7: -1.27
A8: F65 | B8: Opciones y renuncias | C8: 90 | D8: 11.07
A9: 130/717 | B9: Fraccionamientos IRPF | C9: 86.49 | D9: 12.42
A10: 180 | B10: Declaración anual retenciones arrendamientos | C10: 89.19 | D10: 16.86
A11: 193 | B11: Declaración anual retenciones capital | C11: 99.61 | D11: 53.62
A12: 182 | B12: Declaración anual donaciones | C12: 89.36 | D12: 53.18

Sheet G36
A1: Gráfico nº 36. Accesos terminal autoservicio. Por conceptos
A25: Concepto | B25: 2018 | C25: % sobre Total
A26: Emisión de certificados | B26: 1361 | C26: =B26/$B$34 -> 0.33292564
A27: Obtención copias declaraciones IRPF | B27: 959 | C27: =B27/$B$34 -> 0.23458904
A28: Solicitud cita previa Campaña Renta | B28: 453 | C28: =B28/$B$34 -> 0.11081213
A29: Impresión copias otras declaraciones | B29: 406 | C29: =B29/$B$34 -> 0.099315068
A30: Obtención de datos fiscales | B30: 319 | C30: =B30/$B$34 -> 0.078033268
A31: Solicitud envío PIN a domicilio | B31: 250 | C31: =B31/$B$34 -> 0.061154599
A32: Obtención de cédulas parcelarias | B32: 143 | C32: =B32/$B$34 -> 0.034980431
A33: Otros | B33: 197 | C33: =B33/$B$34 -> 0.048189824
A34: TOTAL | B34: =SUM(B26:B33) -> 4088 | C34: =B34/$B$34 -> 1

Sheet C37
A1: Cuadro nº 37. Resultados de la actividad de control tributario. Número de actuaciones e importe
G3: Variación 2018/2017
B4: 2017 | D4: 2018 | G4: Nº actuaciones | I4: Importe
B5: Nº actuaciones | C5: Importe Miles de euros | D5: Nº actuaciones | E5: Importe Miles de euros | G5: Nº actuaciones | H5: Tasa de Variación | I5: Importe Miles de euros | J5: Tasa de Variación
A6: Resultados directos control tributario | B6: 98524 | C6: 107447.11 | D6: 102010 | E6: 120442.7 | G6: =D6-B6 -> 3486 | H6: =(D6-B6)/B6 -> 0.035382242 | I6: =E6-C6 -> 12995.591 | J6: =(E6-C6)/C6 -> 0.12094873
A7: Resultados inducidos control tributario | B7: 5801 | C7: 31691.65 | D7: 15004 | E7: 31093.258 | G7: =D7-B7 -> 9203 | H7: =(D7-B7)/B7 -> 1.5864506 | I7: =E7-C7 -> -598.39151 | J7: =(E7-C7)/C7 -> -0.018881677
A8: Suma directos e inducidos | B8: =SUM(B6:B7) -> 104325 | C8: =SUM(C6:C7) -> 139138.76 | D8: =SUM(D6:D7) -> 117014 | E8: =SUM(E6:E7) -> 151535.96 | G8: =D8-B8 -> 12689 | H8: =(D8-B8)/B8 -> 0.12162952 | I8: =E8-C8 -> 12397.2 | J8: =(E8-C8)/C8 -> 0.089099541
A9: Otras actuaciones. Domicilio fiscal y Cifra relativa | B9: 19 | C9: 20984.282 | D9: 15 | E9: 27154.138 | G9: =D9-B9 -> -4 | H9: =(D9-B9)/B9 -> -0.21052632 | I9: =E9-C9 -> 6169.856 | J9: =(E9-C9)/C9 -> 0.29402274
A10: Resultado total | B10: =+B8+B9 -> 104344 | C10: =+C8+C9 -> 160123.04 | D10: =+D8+D9 -> 117029 | E10: =+E8+E9 -> 178690.1 | G10: =D10-B10 -> 12685 | H10: =(D10-B10)/B10 -> 0.12156904 | I10: =E10-C10 -> 18567.056 | J10: =(E10-C10)/C10 -> 0.11595493

Sheet C38
A1: Cuadro nº 38. Resultados de la actividad de control tributario por áreas. Número de actuaciones e importe
G3: Variación 2018/2017
B4: 2017 | D4: 2018 | G4: Nº actuaciones | I4: Importe
B5: Nº actuaciones | C5: Importe Miles de euros | D5: Nº actuaciones | E5: Importe Miles de euros | G5: Nº actuaciones | H5: Tasa de Variación | I5: Importe Miles de euros | J5: Tasa de Variación
A6: Inspección
A7: Resultados directos control tributario | B7: 934 | C7: 32753.92 | D7: 921 | E7: 46090.413 | G7: =D7-B7 -> -13 | H7: =(D7-B7)/B7 -> -0.01391863 | I7: =E7-C7 -> 13336.493 | J7: =(E7-C7)/C7 -> 0.40717242
A8: Resultados inducidos control tributario | B8: 10 | C8: 831.79 | D8: 17 | E8: 7903.046 | G8: =D8-B8 -> 7 | H8: =(D8-B8)/B8 -> 0.7 | I8: =E8-C8 -> 7071.256 | J8: =(E8-C8)/C8 -> 8.5012515
A9: Otras actuaciones. Domicilio fiscal y Cifra relativa | B9: 19 | C9: 20984.28 | D9: 15 | E9: 27154.138 | G9: =D9-B9 -> -4 | H9: =(D9-B9)/B9 -> -0.21052632 | I9: =E9-C9 -> 6169.858 | J9: =(E9-C9)/C9 -> 0.29402286
A10: Total resultados inspección | B10: =SUM(B7:B9) -> 963 | C10: =SUM(C7:C9) -> 54569.99 | D10: =SUM(D7:D9) -> 953 | E10: =SUM(E7:E9) -> 81147.597 | G10: =D10-B10 -> -10 | H10: =(D10-B10)/B10 -> -0.010384216 | I10: =E10-C10 -> 26577.607 | J10: =(E10-C10)/C10 -> 0.48703705
A11: Gestión
A12: Resultados directos control tributario | B12: 38260 | C12: 63548.19 | D12: 42828 | E12: 65770.289 | G12: =D12-B12 -> 4568 | H12: =(D12-B12)/B12 -> 0.11939362 | I12: =E12-C12 -> 2222.099 | J12: =(E12-C12)/C12 -> 0.034967149
A13: Resultados inducidos control tributario | B13: 5791 | C13: 30859.86 | D13: 14987 | E13: 23190.212 | G13: =D13-B13 -> 9196 | H13: =(D13-B13)/B13 -> 1.5879814 | I13: =E13-C13 -> -7669.648 | J13: =(E13-C13)/C13 -> -0.24853152
A14: Total resultados gestión | B14: =SUM(B12:B13) -> 44051 | C14: =SUM(C12:C13) -> 94408.05 | D14: =SUM(D12:D13) -> 57815 | E14: =SUM(E12:E13) -> 88960.501 | G14: =D14-B14 -> 13764 | H14: =(D14-B14)/B14 -> 0.31245602 | I14: =E14-C14 -> -5447.549 | J14: =(E14-C14)/C14 -> -0.057702166
A15: Recaudación
A16: Total resultados recaudación | B16: 59330 | C16: 11145 | D16: 58261 | E16: 8582 | G16: =D16-B16 -> -1069 | H16: =(D16-B16)/B16 -> -0.018017866 | I16: =E16-C16 -> -2563 | J16: =(E16-C16)/C16 -> -0.2299686
A17: Resultado total | B17: =B10+B14+B16 -> 104344 | C17: =C10+C14+C16 -> 160123.04 | D17: =D10+D14+D16 -> 117029 | E17: =E10+E14+E16 -> 178690.1 | G17: =D17-B17 -> 12685 | H17: =(D17-B17)/B17 -> 0.12156904 | I17: =E17-C17 -> 18567.058 | J17: =(E17-C17)/C17 -> 0.11595494

Sheet C39
A1: Cuadro nº 39. Resultado total de la actividad de control tributario área de inspección. Número de actuaciones e importe
G3: Variación 2018/2017
B4: 2017 | D4: 2018 | G4: Nº actuaciones | I4: Importe
B5: Nº actuaciones | C5: Importe Miles de euros | D5: Nº actuaciones | E5: Importe Miles de euros | G5: Nº actuaciones | H5: Tasa de Variación | I5: Importe Miles de euros | J5: Tasa de Variación
A6: Actas | B6: 527 | C6: 16116.292 | D6: 467 | E6: 13764.136 | G6: =D6-B6 -> -60 | H6: =(D6-B6)/B6 -> -0.11385199 | I6: =E6-C6 -> -2352.1555 | J6: =(E6-C6)/C6 -> -0.14594893
A7: Expedientes sancionadores | B7: 317 | C7: 6307.3512 | D7: 377 | E7: 10894.724 | G7: =D7-B7 -> 60 | H7: =(D7-B7)/B7 -> 0.18927445 | I7: =E7-C7 -> 4587.3728 | J7: =(E7-C7)/C7 -> 0.72730574
A8: Responsabilidad civil Delito | B8: 4 | C8: 4921.2332 | D8: 11 | E8: 8882.281 | G8: =D8-B8 -> 7 | H8: =(D8-B8)/B8 -> 1.75 | I8: =E8-C8 -> 3961.0478 | J8: =(E8-C8)/C8 -> 0.80488928
A9: Eliminación de créditos fiscales | B9: 86 | C9: 5409.0489 | D9: 66 | E9: 12549.272 | G9: =D9-B9 -> -20 | H9: =(D9-B9)/B9 -> -0.23255814 | I9: =E9-C9 -> 7140.2231 | J9: =(E9-C9)/C9 -> 1.3200515
A10: Resultados directos control tributario | B10: =SUM(B6:B9) -> 934 | C10: =SUM(C6:C9) -> 32753.925 | D10: =SUM(D6:D9) -> 921 | E10: =SUM(E6:E9) -> 46090.413 | G10: =D10-B10 -> -13 | H10: =(D10-B10)/B10 -> -0.01391863 | I10: =E10-C10 -> 13336.488 | J10: =(E10-C10)/C10 -> 0.40717222
A11: Resultados inducidos control tributario | B11: 10 | C11: 831.78698 | D11: 17 | E11: 7903.046 | G11: =D11-B11 -> 7 | H11: =(D11-B11)/B11 -> 0.7 | I11: =E11-C11 -> 7071.259 | J11: =(E11-C11)/C11 -> 8.501286
A12: Suma directos e inducidos | B12: =+B10+B11 -> 944 | C12: =+C10+C11 -> 33585.712 | D12: =+D10+D11 -> 938 | E12: =+E10+E11 -> 53993.459 | G12: =D12-B12 -> -6 | H12: =(D12-B12)/B12 -> -0.0063559322 | I12: =E12-C12 -> 20407.747 | J12: =(E12-C12)/C12 -> 0.60763182
A13: Otras actuaciones. Domicilio fiscal y Cifra relativa (*) | B13: 19 | C13: 20984.282 | D13: 15 | E13: 27154.138 | G13: =D13-B13 -> -4 | H13: =(D13-B13)/B13 -> -0.21052632 | I13: =E13-C13 -> 6169.856 | J13: =(E13-C13)/C13 -> 0.29402274
A14: Total resultados inspección | B14: =+B12+B13 -> 963 | C14: =+C12+C13 -> 54569.994 | D14: =+D12+D13 -> 953 | E14: =+E12+E13 -> 81147.597 | G14: =D14-B14 -> -10 | H14: =(D14-B14)/B14 -> -0.010384216 | I14: =E14-C14 -> 26577.603 | J14: =(E14-C14)/C14 -> 0.48703695
A16: (*) En el importe está incluido el resultado correspondiente a las solicitudes de comprobación y otras correcciones de cifra relativa que tuvieron su origen en la Sección de Grandes Empresas del Servicio de Gestión Tributaria

Sheet C40
A1: Cuadro nº 40. Resultados directos de las actuaciones de control tributario área de inspección. Importe de actas por impuesto y tramitación
A3: Impuesto | B3: Actas | D3: Tota Importe Miles de euros
B4: Conformidad | C4: Disconformidad
A5: IRPF | B5: 4299.1784 | C5: 613.79702 | D5: =SUM(B5:C5) -> 4912.9754
A6: IVA | B6: 3355.0552 | C6: 363.5383 | D6: =SUM(B6:C6) -> 3718.5935
A7: Patrimonio | B7: 349.76817 | D7: =SUM(B7:C7) -> 349.76817
A8: Retenciones IRPF | B8: 447.09381 | D8: =SUM(B8:C8) -> 447.09381
A9: Sociedades | B9: 3850.1283 | C9: 485.577 | D9: =SUM(B9:C9) -> 4335.7052
A10: Total actas | B10: =SUM(B5:B9) -> 12301.224 | C10: =SUM(C5:C9) -> 1462.9123 | D10: =SUM(D5:D9) -> 13764.136

Sheet C41
A1: Cuadro nº 41. Resultados directos de las actuaciones de control tributario área de inspección. Importe de expedientes sancionadores por impuesto y tramitación
A3: Impuesto | B3: Expedientes sancionadores | D3: Total Importe Miles de euros
B4: Conformidad | C4: Disconformidad
A5: IRPF | B5: 1201.5554 | C5: 494.82421 | D5: =SUM(B5:C5) -> 1696.3796
A6: IVA | B6: 927.72649 | C6: 4875.2142 | D6: =SUM(B6:C6) -> 5802.9407
A7: Patrimonio | B7: 79.42112 | C7: 0 | D7: =SUM(B7:C7) -> 79.42112
A8: Retención IRPF | B8: 101.87591 | C8: 0 | D8: =SUM(B8:C8) -> 101.87591
A9: Sociedades | B9: 1232.7211 | C9: 1520.5369 | D9: =SUM(B9:C9) -> 2753.258
A10: Varios | B10: 386.92092 | C10: 73.92766 | D10: =SUM(B10:C10) -> 460.84858
A11: Total expedientes sancionadores | B11: =SUM(B5:B10) -> 3930.2209 | C11: =SUM(C5:C10) -> 6964.5031 | D11: =SUM(D5:D10) -> 10894.724

Sheet C42
A1: Cuadro nº 42. Resultados de la actividad de control tributario área de inspección. Otras actuaciones: domicilio fiscal y cifra relativa. Número de actuaciones e importe
G3: Variación 2018/2017
B4: 2017 | D4: 2018 | G4: Nº actuaciones | I4: Importe
B5: Nº actuaciones | C5: Importe Miles de euros | D5: Nº actuaciones | E5: Importe Miles de euros | G5: Nº actuaciones | H5: Tasa de Variación | I5: Importe Miles de euros | J5: Tasa de Variación
A6: Cambios de domicilio | B6: 0 | C6: 0 | D6: 8 | E6: 355.59476 | G6: =D6-B6 -> 8 | H6: =(D6-B6)/B6 -> #DIV/0! | I6: =E6-C6 -> 355.59476 | J6: =(E6-C6)/C6 -> #DIV/0!
A7: Actas únicas | B7: 1 | C7: 187.469 | D7: 2 | E7: 13647.338 | G7: =D7-B7 -> 1 | H7: =(D7-B7)/B7 -> 1 | I7: =E7-C7 -> 13459.869 | J7: =(E7-C7)/C7 -> 71.797838
A8: Solicitudes de comprobación cifra relativa | B8: 15 | C8: 18656.925 | D8: 4 | E8: 12476.509 | G8: =D8-B8 -> -11 | H8: =(D8-B8)/B8 -> -0.73333333 | I8: =E8-C8 -> -6180.4155 | J8: =(E8-C8)/C8 -> -0.33126657
A9: Otras correcciones cifra relativa | B9: 3 | C9: 2139.8877 | D9: 1 | E9: 674.69621 | G9: =D9-B9 -> -2 | H9: =(D9-B9)/B9 -> -0.66666667 | I9: =E9-C9 -> -1465.1915 | J9: =(E9-C9)/C9 -> -0.68470486
A10: Otras actuaciones. Domicilio fiscal y cifra relativa | B10: =SUM(B6:B9) -> 19 | C10: =SUM(C6:C9) -> 20984.281 | D10: =SUM(D6:D9) -> 15 | E10: =SUM(E6:E9) -> 27154.138 | G10: =D10-B10 -> -4 | H10: =(D10-B10)/B10 -> -0.21052632 | I10: =E10-C10 -> 6169.8565 | J10: =(E10-C10)/C10 -> 0.29402277

Sheet G43
A1: Gráfico nº 43. Denuncias presentadas según canal de presentación y estado de tramitación
B31: Tramitadas | C31: En estudio | D31: Total presentadas
A32: Denuncias Web | B32: 116 | C32: 44 | D32: 160
A33: Denuncias otros canales | B33: 40 | C33: 67 | D33: 107
A34: Total denuncias | B34: =SUM(B32:B33) -> 156 | C34: =SUM(C32:C33) -> 111 | D34: =SUM(D32:D33) -> 267

Sheet G44
A1: Gráfico nº 44. Denuncias tramitadas según tipo de tramitación
B15: Nº denuncias TRAMITADAS
A27: Archivadas | B27: 129
A28: Análisis y valoración plan inspección | B28: 16
A29: Envío a otras secciones | B29: 6
A30: Envío a otras instituciones | B30: 5
A31: En estudio | B31: 111
A32: TOTAL DENUNCIAS PRESENTADAS 2018 | B32: =SUM(B27:B31) -> 267

Sheet C45
A1: Cuadro nº 45. Resultado total de la actividad de control tributario área de gestión. Número de actuaciones e importe
G3: Variación 2018/2017
B4: 2017 | D4: 2018 | G4: Nº actuaciones | I4: Importe
B5: Nº actuaciones | C5: Importe Miles de euros | D5: Nº actuaciones | E5: Importe Miles de euros | G5: Nº actuaciones | H5: Tasa de Variación | I5: Importe Miles de euros | J5: Tasa de Variación
A6: IVA (cuota e intereses) | B6: 4418 | C6: 18451.49 | D6: 8242 | E6: 16828.831 | G6: =D6-B6 -> 3824 | H6: =(D6-B6)/B6 -> 0.86555002 | I6: =E6-C6 -> -1622.6594 | J6: =(E6-C6)/C6 -> -0.087941915
A7: IRPF (cuota e intereses) | B7: 4657 | C7: 5572.04 | D7: 4372 | E7: 5874.991 | G7: =D7-B7 -> -285 | H7: =(D7-B7)/B7 -> -0.061198196 | I7: =E7-C7 -> 302.951 | J7: =(E7-C7)/C7 -> 0.054369854
A8: IS (cuota e intereses) | B8: 205 | C8: 1323.87 | D8: 456 | E8: 10347.042 | G8: =D8-B8 -> 251 | H8: =(D8-B8)/B8 -> 1.2243902 | I8: =E8-C8 -> 9023.1718 | J8: =(E8-C8)/C8 -> 6.8157537
A9: Resto impuestos (cuota e intereses) | B9: 4500 | C9: 23240.07 | D9: 3652 | E9: 12991.285 | G9: =D9-B9 -> -848 | H9: =(D9-B9)/B9 -> -0.18844444 | I9: =E9-C9 -> -10248.785 | J9: =(E9-C9)/C9 -> -0.4409963
A10: Sanciones | B10: 15963 | C10: 7424.22 | D10: 14035 | E10: 6312.8335 | G10: =D10-B10 -> -1928 | H10: =(D10-B10)/B10 -> -0.1207793 | I10: =E10-C10 -> -1111.3865 | J10: =(E10-C10)/C10 -> -0.1496974
A11: Recargos extemporáneos | B11: 4613 | C11: 1843.42 | D11: 5384 | E11: 3818.55 | G11: =D11-B11 -> 771 | H11: =(D11-B11)/B11 -> 0.16713635 | I11: =E11-C11 -> 1975.13 | J11: =(E11-C11)/C11 -> 1.0714487
A12: Requerimientos | B12: 3904 | C12: 5693.08 | D12: 6687 | E12: 9596.756 | G12: =D12-B12 -> 2783 | H12: =(D12-B12)/B12 -> 0.71285861 | I12: =E12-C12 -> 3903.676 | J12: =(E12-C12)/C12 -> 0.68568789
A13: Resultados directos control tributario | B13: =SUM(B6:B12) -> 38260 | C13: =SUM(C6:C12) -> 63548.19 | D13: =SUM(D6:D12) -> 42828 | E13: =SUM(E6:E12) -> 65770.288 | G13: =D13-B13 -> 4568 | H13: =(D13-B13)/B13 -> 0.11939362 | I13: =E13-C13 -> 2222.0981 | J13: =(E13-C13)/C13 -> 0.034967135
A14: Resultados inducidos control tributario | B14: 5791 | C14: 30859.86 | D14: 14987 | E14: 23190.212 | G14: =D14-B14 -> 9196 | H14: =(D14-B14)/B14 -> 1.5879814 | I14: =E14-C14 -> -7669.6475 | J14: =(E14-C14)/C14 -> -0.24853151
A15: Total resultados gestión | B15: =SUM(B13:B14) -> 44051 | C15: =SUM(C13:C14) -> 94408.05 | D15: =SUM(D13:D14) -> 57815 | E15: =SUM(E13:E14) -> 88960.501 | G15: =D15-B15 -> 13764 | H15: =(D15-B15)/B15 -> 0.31245602 | I15: =E15-C15 -> -5447.5494 | J15: =(E15-C15)/C15 -> -0.057702171

Sheet C46
A1: Cuadro nº 46. Resultado total de la actividad de control tributario área de recaudación. Número de actuaciones e importe
G3: Variación 2018/2017
B4: 2017 | D4: 2018 | G4: Nº actuaciones | I4: Importe
B5: Nº actuaciones | C5: Importe Miles de euros | D5: Nº actuaciones | E5: Importe Miles de euros | G5: Nº actuaciones | H5: Tasa de Variación | I5: Importe Miles de euros | J5: Tasa de Variación
A6: Cartas de pago y recargos girados | B6: 45500 | C6: 7029 | D6: 41012 | E6: 6219 | G6: =D6-B6 -> -4488 | H6: =(D6-B6)/B6 -> -0.098637363 | I6: =E6-C6 -> -810 | J6: =(E6-C6)/C6 -> -0.11523688
A7: Intereses de aplazamientos | B7: 13830 | C7: 4116 | D7: 17249 | E7: 2363 | G7: =D7-B7 -> 3419 | H7: =(D7-B7)/B7 -> 0.2472162 | I7: =E7-C7 -> -1753 | J7: =(E7-C7)/C7 -> -0.42589893
A8: Total resultados recaudación | B8: =SUM(B6:B7) -> 59330 | C8: =SUM(C6:C7) -> 11145 | D8: =SUM(D6:D7) -> 58261 | E8: =SUM(E6:E7) -> 8582 | G8: =D8-B8 -> -1069 | H8: =(D8-B8)/B8 -> -0.018017866 | I8: =E8-C8 -> -2563 | J8: =(E8-C8)/C8 -> -0.2299686

Sheet C47
A1: Cuadro nº 47. Otras actuaciones de recaudación ejecutiva. Derivaciones de responsabilidad. Subastas. Diligencias de embargos
G3: Variación 2018/2017
B4: 2017 | D4: 2018 | G4: Nº actuaciones | I4: Importe
B5: Nº actuaciones | C5: Importe Miles de euros | D5: Nº actuaciones | E5: Importe Miles de euros | G5: Nº actuaciones | H5: Tasa de Variación | I5: Importe Miles de euros | J5: Tasa de Variación
A6: Personas Jurídicas | B6: 102 | C6: 11699.05 | D6: 78 | E6: 12113 | G6: =D6-B6 -> -24 | H6: =(D6-B6)/B6 -> -0.23529412 | I6: =E6-C6 -> 413.95 | J6: =(E6-C6)/C6 -> 0.035383215
A7: Entidades sin Personalidad Jurídica | B7: 26 | C7: 1351.93 | D7: 36 | E7: 1009 | G7: =D7-B7 -> 10 | H7: =(D7-B7)/B7 -> 0.38461538 | I7: =E7-C7 -> -342.93 | J7: =(E7-C7)/C7 -> -0.25365958
A8: Derivaciones de responsabilidad (exptes iniciados) | B8: =SUM(B6:B7) -> 128 | C8: =SUM(C6:C7) -> 13050.98 | D8: =SUM(D6:D7) -> 114 | E8: =SUM(E6:E7) -> 13122 | G8: =D8-B8 -> -14 | H8: =(D8-B8)/B8 -> -0.109375 | I8: =E8-C8 -> 71.02 | J8: =(E8-C8)/C8 -> 0.0054417369
A9: Derivaciones de responsabilidad (cobros) | C9: 1665.8 | E9: 855.379 | I9: =E9-C9 -> -810.421 | J9: =(E9-C9)/C9 -> -0.48650558
A11: Inmuebles | B11: 31 | C11: 620.43 | D11: 82 | E11: 855 | G11: =D11-B11 -> 51 | H11: =(D11-B11)/B11 -> 1.6451613 | I11: =E11-C11 -> 234.57 | J11: =(E11-C11)/C11 -> 0.3780765
A12: Muebles
A13: Subastas realizadas e importes cobrados | B13: =SUM(B11:B12) -> 31 | C13: =SUM(C11:C12) -> 620.43 | D13: =SUM(D11:D12) -> 82 | E13: =SUM(E11:E12) -> 855 | G13: =D13-B13 -> 51 | H13: =(D13-B13)/B13 -> 1.6451613 | I13: =E13-C13 -> 234.57 | J13: =(E13-C13)/C13 -> 0.3780765
A15: Cuentas bancarias | B15: 112000 | D15: 108000 | G15: =D15-B15 -> -4000 | H15: =(D15-B15)/B15 -> -0.035714286
A16: Salarios | B16: 2660 | D16: 2646 | G16: =D16-B16 -> -14 | H16: =(D16-B16)/B16 -> -0.0052631579
A17: Créditos | B17: 2935 | D17: 2600 | G17: =D17-B17 -> -335 | H17: =(D17-B17)/B17 -> -0.11413969
A18: Inmuebles | B18: 211 | D18: 201 | G18: =D18-B18 -> -10 | H18: =(D18-B18)/B18 -> -0.047393365
A19: Número de diligencias de embargo | B19: =SUM(B15:B18) -> 117806 | D19: =SUM(D15:D18) -> 113447 | G19: =D19-B19 -> -4359 | H19: =(D19-B19)/B19 -> -0.037001511

Sheet G48
A1: Gráfico nº 48. Evolución temporal del número de propuestas autoliquidación IRPF enviadas
A25: Año presupuestario | B25: Propuestas enviadas
A26: 2002 | B26: 3055
A27: 2003 | B27: 49712
A28: 2004 | B28: 70724
A29: 2005 | B29: 93169
A30: 2006 | B30: 137147
A31: 2007 | B31: 156423
A32: 2008 | B32: 165411
A33: 2009 | B33: 169670
A34: 2010 | B34: 183206
A35: 2011 | B35: 189134
A36: 2012 | B36: 195165
A37: 2013 | B37: 189526
... A42: 2018 | B42: 181504

Sheet G49
A1: Gráfico nº 49. Evolución temporal del número de propuestas autoliquidación IRPF aceptadas y anuladas
A23: Año | B23: Propuestas aceptadas | C23: Propuestas anuladas
A24: 2012 | B24: 0.9012 | C24: 0.0988
A25: 2013 | B25: 0.8912 | C25: 0.1088
A26: 2014 | B26: 0.9031 | C26: 0.0973
A27: 2015 | B27: 0.9216 | C27: 0.0762
A28: 2016 | B28: 0.9228 | C28: 0.0771
A29: 2017 | B29: 0.9309 | C29: 0.0691
A30: 2018 | B30: 0.92 | C30: 0.08

Sheet G50
A1: Gráfico nº 50. Evolución del número de declaraciones IRPF presentadas. Según medios de presentación
A29: Año presupuestario | B29: Entidades colaboradoras | C29: Manuales | D29: Internet | E29: Propuestas
A30: 2009 | B30: 130077 | C30: 5880 | D30: 40173 | E30: 169670
A31: 2010 | B31: 126722 | C31: 5687 | D31: 42319 | E31: 183242
A32: 2011 | B32: 118944 | C32: 5162 | D32: 46264 | E32: 188235
A33: 2012 | B33: 114561 | C33: 3580 | D33: 47321 | E33: 195282
A34: 2013 | B34: 109332 | C34: 3012 | D34: 51592 | E34: 189526
A35: 2014 | B35: 106945 | C35: 2347 | D35: 53742 | E35: 181366
A36: 2015 | B36: 96432 | C36: 1819 | D36: 53598 | E36: 178257
A37: 2016 | B37: 96513 | C37: 2276 | D37: 57092 | E37: 179060
A38: 2017 | B38: 100458 | C38: 1082 | D38: 59112 | E38: 179414
A39: 2018 | B39: 101358 | C39: 657 | D39: 62077 | E39: 181504
A41: Datos de Declaraciones presentadas ( incluye anuladas ) por medios de presentación

Sheet C51
A1: Cuadro nº 51. Número de citas previa campaña IRPF en oficinas. Según modalidad de acceso de cita
A3: Oficina | B3: Teléfono | C3: En oficinas | D3: Internet | E3: Total
A4: Barañain | B4: 969 | C4: 11 | D4: 2463 | E4: 3443
A5: Burlada | B5: 1038 | C5: 5 | D5: 2810 | E5: 3853
A6: Estella | B6: 772 | C6: 52 | D6: 1290 | E6: 2114
A7: Pamplona | B7: 3659 | C7: 78 | D7: 11660 | E7: 15397
A8: Tafalla | B8: 834 | C8: 1 | D8: 1404 | E8: 2239
A9: Tudela | B9: 1367 | C9: 15 | D9: 2811 | E9: 4183
A10: Santesteban | B10: 257 | C10: 2 | D10: 554 | E10: 813
A11: Total 2018 (Campaña 2017) | B11: =SUM(B3:B10) -> 8896 | C11: =SUM(C3:C10) -> 164 | D11: =SUM(D3:D10) -> 22992 | E11: =SUM(E3:E10) -> 32042
A12: Total 2017 (Campaña 2016) | B12: 10275 | C12: 358 | D12: 20320 | E12: 30953
A13: Total 2016 (Campaña 2015) | B13: 12125 | C13: 587 | D13: 19163 | E13: 31875
A14: Total 2015 (Campaña 2014) | B14: 14748 | C14: 499 | D14: 18611 | E14: 33858
A15: Total 2014 (Campaña 2013) | B15: 17485 | C15: 243 | D15: 14748 | E15: 32476
A16: Total 2013 (Campaña 2012) | B16: 17319 | C16: 244 | D16: 15723 | E16: 33286

Sheet C52
A1: Cuadro nº 52. Oficina virtual de Internet. Número de personas que accedieron en los servicios más utilizados
E3: Variación 2018/2017
A4: Servicios utilizados | B4: Año 2017 (Campaña 2016) | C4: Año 2018 (Campaña 2017) | E4: TOTAL | F4: Tasa de variación
A5: Reimpresión de la declaración | B5: 185201 | C5: 181306 | E5: =C5-B5 -> -3895 | F5: =(C5-B5)/B5 -> -0.021031204
A6: Consulta de datos fiscales | B6: 64769 | C6: 60522 | E6: =C6-B6 -> -4247 | F6: =(C6-B6)/B6 -> -0.065571493
A7: Programa Hacer declaración | B7: 81167 | C7: 121980 | E7: =C7-B7 -> 40813 | F7: =(C7-B7)/B7 -> 0.5028275
A8: Consulta si tiene propuesta sin PIN | B8: 82828
A10: Personas distintas que accedieron a la WEB | B10: 226011 | C10: 246117 | E10: =C10-B10 -> 20106 | F10: =(C10-B10)/B10 -> 0.088960272

Sheet G53
A1: Gráfico nº 53. Oficina virtual de Internet. Evolución temporal de accesos a aplicaciones
A30: Año | B30: Nº accesos a aplicaciones
A31: 2009 | B31: 272948
A32: 2010 | B32: 308104
A33: 2011 | B33: 351953
A34: 2012 | B34: 382167
A35: 2013 | B35: 487117
A36: 2014 | B36: 418908
A37: 2015 | B37: 500668
A38: 2016 | B38: 518976
A39: 2017 | B39: 503424
A40: 2018 | B40: 536567

Sheet C54
A1: Cuadro nº 54. La campaña del IRPF en cifras. Saldo. Número de declaraciones e importe positivo y negativo
A3: Número de declaraciones
B4: 2017 Número | C4: 2018 Número
A5: Declaraciones presentadas IPRF | B5: 321781 | C5: 331297
A6: Declarantes IRPF | B6: 452786 | C6: 461145
A8: Proporción de declaracion con saldo a pagar o a devolver
B9: 2017 % | C9: 2018 %
A10: Declaraciones con resultado a devolver | B10: 0.65 | C10: 0.678
A11: Declaraciones con resultado a pagar | B11: 0.35 | C11: 0.32
A13: Saldo económico importe total positivo y negativo
B14: 2017 Importes miles € | C14: 2018 Importes miles €
A15: Ingresos | B15: 155476 | C15: 177646.56
A16: Devoluciones | B16: -177027.66 | C16: -178609.96
A17: Saldo de la campaña | B17: -21551.657 | C17: -963.396
A19: Media “a devolver” (euros) | B19: -840.87 | C19: -850.46
A20: Media “a pagar” (euros) | B20: 1397.4 | C20: 1664.07
A22: Datos al cierre de la campaña

Sheet G55
A1: Gráfico nº 55. Evolución temporal del número de declaraciones positivas y negativas del IRPF
A27: Año presupuestario | B27: Nº Declaraciones "A devolver" | C27: Nº Declaraciones "A pagar"
A28: 2009 | B28: 259702 | C28: 72208
A29: 2010 | B29: 236808 | C29: 82185
A30: 2011 | B30: 237625 | C30: 83528
A31: 2012 | B31: 230745 | C31: 99745
A32: 2013 | B32: 211586 | C32: 91870
A33: 2014 | B33: 222131 | C33: 89308
A34: 2015 | B34: 198331 | C34: 94958
A35: 2016 | B35: 216509 | C35: 100568
A36: 2017 | B36: 210528 | C36: 111261
A37: 2018 | B37: 224619.37 | C37: 106015.04

Sheet G56
A1: Gráfico nº 56. Evolución temporal del saldo económico. Importe positivo y negativo del IRPF
A31: Año presupuestario | B31: Importe a pagar | C31: Importe a devolver | D31: Saldo Campaña
A32: 2009 | B32: 111037.3 | C32: -285706.97 | D32: =B32+C32 -> -174669.67
A33: 2010 | B33: 96576.254 | C33: -242527.91 | D33: =B33+C33 -> -145951.66
A34: 2011 | B34: 90014.588 | C34: -224438.01 | D34: =B34+C34 -> -134423.42
A35: 2012 | B35: 126538.99 | C35: -219516.48 | D35: =B35+C35 -> -92977.494
A36: 2013 | B36: 89274.189 | C36: -217318.72 | D36: =B36+C36 -> -128044.53
A37: 2014 | B37: 90756.111 | C37: -189377.9 | D37: =B37+C37 -> -98621.791
A38: 2015 | B38: 109397.39 | C38: -185305.11 | D38: =B38+C38 -> -75907.718
A39: 2016 | B39: 124091.91 | C39: -193818.82 | D39: =B39+C39 -> -69726.914
A40: 2017 | B40: 155476 | C40: -177028 | D40: =B40+C40 -> -21552
A41: 2018 | B41: 177646 | C41: -178609 | D41: =B41+C41 -> -963

Sheet C57
A1: Cuadro nº 57. La campaña del Impuesto sobre el Patrimonio en cifras. Número de declaraciones y saldo económico
E2: Variación 2018/2017
B3: Año 2017 (Campaña 2016) | C3: Año 2018 (Campaña 2017) | E3: TOTAL | F3: Tasa de variación
A4: Nº Declaraciones | B4: 6523 | C4: 5769 | E4: =C4-B4 -> -754 | F4: =C4/B4-1 -> -0.11559099
A5: Cuota a Ingresar (miles €) | B5: 39862 | C5: 37513.165 | E5: =C5-B5 -> -2348.835 | F5: =C5/B5-1 -> -0.058924163

Sheet C58
A1: Cuadro nº 58. Resultados de las actuaciones de asistencia del IRPF e Impuesto Patrimonio, fuera de campaña. Número de Actuaciones
E3: Variación 2018/2017
B4: 2017 | C4: 2018 | E4: TOTAL | F4: Tasa de variación
A5: Declaraciones confeccionadas en Hacienda | B5: =SUM(B6:B7) -> 7969 | C5: =SUM(C6:C7) -> 8129 | E5: =C5-B5 -> 160 | F5: =(C5-B5)/B5 -> 0.020077801
A6: campaña | B6: 4835 | C6: 4979 | E6: =C6-B6 -> 144 | F6: =(C6-B6)/B6 -> 0.029782834
A7: años anteriores | B7: 3134 | C7: 3150 | E7: =C7-B7 -> 16 | F7: =(C7-B7)/B7 -> 0.0051052967
A8: Consultas técnicas presenciales | B8: 2420 | C8: 2687 | E8: =C8-B8 -> 267 | F8: =(C8-B8)/B8 -> 0.11033058
A9: Consultas administrativas presenciales | B9: 17916 | C9: 19230 | E9: =C9-B9 -> 1314 | F9: =(C9-B9)/B9 -> 0.073342264
A10: Consultas telefónicas | B10: 887 | C10: 862 | E10: =C10-B10 -> -25 | F10: =(C10-B10)/B10 -> -0.028184893

Sheet C59
A1: Cuadro nº 59. Devoluciones de IVA tramitadas Número de solicitudes e importes solicitados y devueltos
B3: 2017 | E3: 2018
B4: Nº solicitudes | C4: Importe solicitado Miles de euros | D4: Importe devuelto Miles de euros | E4: Nº solicitudes | F4: Importe solicitado Miles de euros | G4: Importe devuelto Miles de euros
A5: Devoluciones IVA anual | B5: 3641 | C5: 71702.478 | D5: 60706.428 | E5: 3406 | F5: 70673.25 | G5: 67937.97
A6: Devoluciones IVA mensual | B6: 6947 | C6: 833935.13 | D6: 832012.59 | E6: 6559 | F6: 952804.38 | G6: 951063.7
A7: TOTAL | B7: =SUM(B5:B6) -> 10588 | C7: =SUM(C5:C6) -> 905637.61 | D7: =SUM(D5:D6) -> 892719.02 | E7: =SUM(E5:E6) -> 9965 | F7: =SUM(F5:F6) -> 1023477.6 | G7: 1019001.7
B10: VARIACIÓN 2018/2017
B11: Nº Solicitudes | D11: Importe solicitado | F11: Importe devuelto
B12: Número | C12: Tasa de variación | D12: Importe | E12: Tasa de variación | F12: Importe | G12: Tasa de variación
A13: Devoluciones IVA anual | B13: =E5-B5 -> -235 | C13: =(E5-B5)/B5 -> -0.064542708 | D13: =F5-C5 -> -1029.228 | E13: =(F5-C5)/C5 -> -0.014354148 | F13: =G5-D5 -> 7231.542 | G13: =(G5-D5)/D5 -> 0.11912317
A14: Devoluciones IVA mensual | B14: =E6-B6 -> -388 | C14: =(E6-B6)/B6 -> -0.055851447 | D14: =F6-C6 -> 118869.25 | E14: =(F6-C6)/C6 -> 0.14254016 | F14: =G6-D6 -> 119051.11 | G14: =(G6-D6)/D6 -> 0.14308812
A15: TOTAL | B15: =E7-B7 -> -623 | C15: =(E7-B7)/B7 -> -0.058840196 | D15: =F7-C7 -> 117840.02 | E15: =(F7-C7)/C7 -> 0.13011829 | F15: =G7-D7 -> 126282.67 | G15: =(G7-D7)/D7 -> 0.14145847

Sheet G60
A1: Gráfico nº 60. Evolución temporal del valor catastral total de Navarra. Número de parcelas. Número de unidades. Valor catastral en millones de euros
A26: Año | B26: Nº parcelas | C26: Nº unidades | D26: Valor catastral
A27: 2009 | B27: 688282 | C27: 1002438 | D27: 37627
A28: 2010 | B28: 674358 | C28: 1049029 | D28: 39212
A29: 2011 | B29: 664963 | C29: 1068556 | D29: 39778
A30: 2012 | B30: 659476 | C30: 1084868 | D30: 42967
A31: 2013 | B31: 655509 | C31: 1098151 | D31: 43542
A32: 2014 | B32: 648587 | C32: 1112891 | D32: 42460
A33: 2015 | B33: 649060 | C33: 1121255 | D33: 42474
A34: 2016 | B34: 649298 | C34: 1128546 | D34: 44405
A35: 2017 | B35: 643134 | C35: 1135222 | D35: 44145
A36: 2018 | B36: 640437 | C36: 1140894 | D36: 45078

Sheet G61
A1: Gráfico nº 61. Evolución temporal del número de inmuebles tasados
A26: Año | B26: Nº inmuebles tasados
A27: 2009 | B27: 28167
A28: 2010 | B28: 25451
A29: 2011 | B29: 25698
A30: 2012 | B30: 12599
A31: 2013 | B31: 13129
A32: 2014 | B32: 8681
A33: 2015 | B33: 9793.5
A34: 2016 | B34: 8546
A35: 2017 | B35: 7627
A36: 2018 | B36: 10206

Sheet G62
A1: Gráfico nº 62. Evolución temporal del número de ponencias de valoración aprobadas
A28: Año | B28: Nº ponencias aprobadas
A29: 2009 | B29: 3
A30: 2010 | B30: 4
A31: 2011 | B31: 9
A32: 2012 | B32: 7
A33: 2013 | B33: 18
A34: 2014 | B34: 19
A35: 2015 | B35: 27
A36: 2016 | B36: 29
A37: 2017 | B37: 34
A38: 2018 | B38: 26

Sheet G63
A1: Gráfico nº 63. Evolución temporal del número de expedientes dados de alta en el Jurado de expropiación de Navarra
A26: Año | B26: Número de expedientes
A27: 2009 | B27: 179
A28: 2010 | B28: 284
A29: 2011 | B29: 123
A30: 2012 | B30: 107
A31: 2013 | B31: 61
A32: 2014 | B32: 89
A33: 2015 | B33: 18
A34: 2016 | B34: 52
A35: 2017 | B35: 12
A36: 2018 | B36: 56

Sheet G64
A1: Gráfico nº 64. Evolución temporal del número de atenciones presenciales riqueza territorial
A28: Año Solicitud | B28: Nº atenciones presenciales
A29: 2008 | B29: 5287
A30: 2009 | B30: 4174
A31: 2010 | B31: 3122
A32: 2011 | B32: 2716
A33: 2012 | B33: 3540
A34: 2013 | B34: 3506
A35: 2014 | B35: 3316
A36: 2015 | B36: 4498
A37: 2016 | B37: 3941
A38: 2017 | B38: 4239
A39: 2018 | B39: 3003

Sheet G65
A1: Gráfico nº 65. Evolución temporal del número de cédulas parcelarias expedidas. Según medio de tramitación
A30: Año | B30: Expedidas en oficina | C30: Expedidas por Internet
A31: 2000 | B31: 80421 | C31: 58273
A32: 2001 | B32: 64042 | C32: 100869
A33: 2002 | B33: 46964 | C33: 178952
A34: 2003 | B34: 32720 | C34: 176407
A35: 2004 | B35: 26096 | C35: 179107
A36: 2005 | B36: 23372 | C36: 201707
A37: 2006 | B37: 19115 | C37: 224257
A38: 2007 | B38: 12845 | C38: 231868
A39: 2008 | B39: 7134 | C39: 328456
A40: 2009 | B40: 6070 | C40: 358211
A41: 2010 | B41: 3978 | C41: 363757
A42: 2011 | B42: 3529 | C42: 344978
... A49: 2018 | B49: 1779 | C49: 387750

Sheet C66
A1: Cuadro nº 66. Evolución del número de liquidaciones del Impuesto sobre Sucesiones y Donaciones. Según “liquidación-autoliquidación”
B3: Liquidaciones | D3: Autoliquidaciones | F3: Total
A4: Año | B4: Número | C4: % sobre el total | D4: Número | E4: % sobre el total | F4: Número | G4: Tasa variacion anual
A5: 2009 | B5: 12342 | C5: =B5/F5 -> 1 | D5: 0 | E5: 0 | F5: =B5+D5 -> 12342 | G5: 0
A6: 2010 | B6: 12401 | C6: =B6/F6 -> 0.90976451 | D6: 1230 | E6: =D6/F6 -> 0.090235493 | F6: =B6+D6 -> 13631 | G6: =(F6-F5)/F5 -> 0.10444012
A7: 2011 | B7: 11496 | C7: =B7/F7 -> 0.84922804 | D7: 2041 | E7: =D7/F7 -> 0.15077196 | F7: =B7+D7 -> 13537 | G7: =(F7-F6)/F6 -> -0.0068960458
A8: 2012 | B8: 10502 | C8: =B8/F8 -> 0.70639672 | D8: 4365 | E8: =D8/F8 -> 0.29360328 | F8: =B8+D8 -> 14867 | G8: =(F8-F7)/F7 -> 0.098249243
A9: 2013 | B9: 6350 | C9: =B9/F9 -> 0.31705612 | D9: 13678 | E9: =D9/F9 -> 0.68294388 | F9: =B9+D9 -> 20028 | G9: =(F9-F8)/F8 -> 0.34714468
A10: 2014 | B10: 4262 | C10: =B10/F10 -> 0.20609284 | D10: 16418 | E10: =D10/F10 -> 0.79390716 | F10: =B10+D10 -> 20680 | G10: =(F10-F9)/F9 -> 0.032554424
A11: 2015 | B11: 3452 | C11: =B11/F11 -> 0.14600516 | D11: 20191 | E11: =D11/F11 -> 0.85399484 | F11: =B11+D11 -> 23643 | G11: =(F11-F10)/F10 -> 0.14327853
A12: 2016 | B12: 2875 | C12: =B12/F12 -> 0.12848014 | D12: 19502 | E12: =D12/F12 -> 0.87151986 | F12: =B12+D12 -> 22377 | G12: =(F12-F11)/F11 -> -0.053546504
A13: 2017 | B13: 1970 | C13: =B13/F13 -> 0.087934652 | D13: 20433 | E13: =D13/F13 -> 0.91206535 | F13: =B13+D13 -> 22403 | G13: =(F13-F12)/F12 -> 0.0011619073
A14: 2018 | B14: 1258 | C14: =B14/F14 -> 0.055619418 | D14: 21360 | E14: =D14/F14 -> 0.94438058 | F14: =B14+D14 -> 22618 | G14: =(F14-F13)/F13 -> 0.009596929

Sheet G67
A1: Gráfico nº 67. Evolución del número de declaraciones presentadas del Impuesto sobre Transmisiones Patrimoniales y Actos Jurídicos Documentados
A25: No están incluidas las transmisiones de vehículos usados
A29: Año | B29: Número de declaraciones
A30: 2009 | B30: 49726
A31: 2010 | B31: 46386
A32: 2011 | B32: 41768
A33: 2012 | B33: 38759
A34: 2013 | B34: 37737
A35: 2014 | B35: 38857
A36: 2015 | B36: 38984
A37: 2016 | B37: 39181
A38: 2017 | B38: 42498
A39: 2018 | B39: 44060

Sheet C68
A1: Cuadro nº 68. Número de devoluciones de impuestos realizadas
E3: Variación 2018/2017
B4: 2017 | C4: 2018 | E4: Total | F4: Tasa de Variación
A5: Número de devoluciones | B5: 250000 | C5: 309000 | E5: =C5-B5 -> 59000 | F5: =(C5-B5)/B5 -> 0.236

Sheet C69
A1: Cuadro nº 69. Número de aplazamientos tramitados
E3: Variación 2018/2017
B4: 2017 | C4: 2018 | E4: Total | F4: Tasa de Variación
A5: Número de aplazamientos tramitados | B5: 16000 | C5: 17000 | E5: =C5-B5 -> 1000 | F5: =(C5-B5)/B5 -> 0.0625

Sheet C70
A1: Cuadro nº 70. Solicitudes de aplazamientos
A3: Concepto | B3: Solicitudes 2017 | D3: Solicitudes 2018
B4: Nº | C4: Importe | D4: Nº | E4: Importe
A5: RENTA | B5: 2001 | C5: 5479507.1 | D5: 2648 | E5: 6666471.4
A6: IVA | B6: 9022 | C6: 84115096 | D6: 9280 | E6: 86844954
A7: IVA COMPRAS UE | B7: 102 | C7: 592782.73 | D7: 92 | E7: 370149.14
A8: PATRIMONIO | B8: 12 | C8: 355349.25 | D8: 32 | E8: 402342.36
A9: SOCIEDADES | B9: 250 | C9: 10001487 | D9: 284 | E9: 4281064.5
A10: PAGO A CTA SOCIEDADES | B10: 35 | C10: 118271.02 | D10: 48 | E10: 226061.26
A11: FRACCIONAMIENTOS | B11: 924 | C11: 1120233.8 | D11: 1075 | E11: 1512039.9
A12: RETENCIONES TRABAJO | B12: 1857 | C12: 11689562 | D12: 1935 | E12: 12361247
A13: RETENCIONES CAPITAL MOBILARIO | B13: 69 | C13: 223549.43 | D13: 49 | E13: 347526.08
A14: RETENCIONES CAPITAL INMOBILIARIO | B14: 1104 | C14: 1428211.2 | D14: 1144 | E14: 1360199.4
A15: IMPUESTOS ESPECIALES | B15: 16 | C15: 1853584.7
A16: APLAZAMIENTOS ESPECIALES | D16: 7 | E16: 14021.7
A17: HIDROCARBUROS | D17: 1 | E17: 154218.24
A18: SANCIONES FISCALES | B18: 128 | C18: 1559348.6 | D18: 95 | E18: 1213046.2
A19: NO FISCALES | B19: 269 | C19: 1242601.3 | D19: 392 | E19: 3261618.9
A20: SUCESIONES | B20: 54 | C20: 509935.54 | D20: 62 | E20: 1749618.9
A21: TRANSMISIONES PATRIMONIALES | B21: 63 | C21: 247668.75 | D21: 80 | E21: 348206.67
A22: ACTOS JURIDICOS DOCUMENTADOS | B22: 3 | C22: 47285.92 | D22: 5 | E22: 3174.7
A23: RECARGO EXTEMPORANEA | B23: 24 | C23: 17251.32 | D23: 37 | E23: 86791.78
A24: MATRICULACIÓN | B24: 4 | C24: 4682.67 | D24: 9 | E24: 14949.35
A25: NO RESIDENTES IRPF/SOCIEDADES | B25: 15 | C25: 44132.18 | D25: 13 | E25: 15639.64
A26: PRIMAS DE SEGUROS
A27: DEVOLUCIÓN GASÓLEO AGRÍCOLA
A28: GRANDES SUPERFICIES
A29: PAGO FRAC.I.S/VALOR PROD.ENER.ELECTRICA | B29: 50 | C29: 135993.52 | D29: 63 | E29: 417371.97
A30: PROD.ENER.ELECTRICA AUTOLIQUIDACIÓN | B30: 34 | C30: 32289.73 | D30: 29 | E30: 33516.15
A31: FABRICACIÓN ELECTRICIDAD
A32: TASAS DE JUEGO
A33: GASES FLUORADOS EFECTOS INVERNADERO | B33: 2 | C33: 40965.75 | D33: 1 | E33: 12637.64
A34: TOTALES | B34: =SUM(B5:B33) -> 16038 | C34: =SUM(C5:C33) -> 1.2085979e+08 | D34: =SUM(D5:D33) -> 17381 | E34: =SUM(E5:E33) -> 1.2169687e+08

Sheet C71
A1: Cuadro nº 71. Flujos financieros Convenio Económico
B3: 2017 | C3: 2018 | E3: Variación 2018/2017
B4: Importe miles de euros | C4: Importe miles de euros | E4: Importe miles de euros | F4: Tasa de Variación
A5: Aportación Económica | B5: 509174.54 | C5: 529582.64 | E5: =C5-B5 -> 20408.1 | F5: =(C5-B5)/B5 -> 0.040080755
A6: Compensación ISE | B6: 1964.775 | E6: =C6-B6 -> -1964.775 | F6: =(C6-B6)/B6 -> -1
A7: Total Aportación pagos | B7: =SUM(B5:B6) -> 511139.32 | C7: =SUM(C5:C6) -> 529582.64 | E7: =C7-B7 -> 18443.325 | F7: =(C7-B7)/B7 -> 0.036082775
A9: Regularización Aportación | B9: 128694.49 | C9: 11481.54 | E9: =C9-B9 -> -117212.95 | F9: =(C9-B9)/B9 -> -0.91078453
A10: Total Aportación ingresos | B10: =+B9 -> 128694.49 | C10: =C9 -> 11481.54 | E10: =C10-B10 -> -117212.95 | F10: =(C10-B10)/B10 -> -0.91078453
A12: IVA | B12: 889110.09 | C12: 969917.6 | E12: =C12-B12 -> 80807.512 | F12: =(C12-B12)/B12 -> 0.090885834
A13: Alcohol y Pdtos intermedios | B13: -37957.881 | C13: -35373.247 | E13: =C13-B13 -> 2584.6339 | F13: =(C13-B13)/B13 -> -0.068092154
A14: Cerveza | B14: 6430.7082 | C14: 5840.2315 | E14: =C14-B14 -> -590.47668 | F14: =(C14-B14)/B14 -> -0.091821408
A15: Hidrocarburos | B15: 133151.77 | C15: 69378.696 | E15: =C15-B15 -> -63773.077 | F15: =(C15-B15)/B15 -> -0.47895027
A16: Tabaco | B16: 12235.117 | C16: 12532.268 | E16: =C16-B16 -> 297.15037 | F16: =(C16-B16)/B16 -> 0.024286679
A17: Total Ajustes fiscales | B17: =SUM(B12:B16) -> 1002969.8 | C17: =SUM(C12:C16) -> 1022295.5 | E17: =C17-B17 -> 19325.743 | F17: =(C17-B17)/B17 -> 0.019268519

Sheet C72
A1: Cuadro nº 72. Diligencias de colaboración y requerimientos de información con otras administraciones tributarias
B3: Recibidas | C3: Enviadas | D3: Total
A4: Agencia Estatal de Administración Tributaria | B4: 167 | C4: 93 | D4: =+B4+C4 -> 260
A5: Hacienda Foral de Gipuzkoa | B5: 47 | C5: 12 | D5: =+B5+C5 -> 59
A6: Hacienda Foral de Bizkaia | B6: 4 | C6: 3 | D6: =+B6+C6 -> 7
A7: Hacienda Foral de Álava | B7: 5 | C7: 4 | D7: =+B7+C7 -> 9
A8: Total | B8: =SUM(B4:B7) -> 223 | C8: =SUM(C4:C7) -> 112 | D8: =SUM(D4:D7) -> 335

Sheet C73
A1: Cuadro nº 73. Relación de convenios y acuerdos de colaboración y fecha de entrada en vigor
A3: Organismo/Entidad | B3: Convenio | C3: Fecha
A4: Oficinas Liquidadoras | B4: Convenio de Colaboración entre Economía y Hacienda y el Colegio de Registradores para la gestión del Impuesto de T.P. y A.J.D | C4: 36341
A5: CGPJ | B5: Convenio de Colaboración entre el Consejo General del Poder Judicial, el Departamento de Presidencia, Justicia e Interior del Gobierno de Navarra y Hacienda Tributaria de Navarra para Cesión de datos a Juzgados y Tribunales | C5: 38737
A6: AEAT | B6: Conclusiones de los grupos de trabajo entre la AEAT y la HTN de 15/06/2006 sobre sobre cambios de domicilio, ingresos en Administración no competente, control tributario, actas únicas, tramas de IVA y embargo de devoluciones. | C6: 38883
A7: Registros | B7: Convenio de colaboración entre la Hacienda Tributaria de Navarra y el Registro Mercantil de Navarra, para la asignación del Código de Identificación Fiscal | C7: 39010
A8: Registros | B8: Convenio entre Hacienda Tributaria de Navarra y el Colegio de Registradores, para el acceso a las bases de datos de los Registros de la Propiedad | C8: 39127
A9: INSS | B9: Acuerdo sobre intercambio recíproco de información suscrito entre la Hacienda Tributaria de Navarra y el Instituto Nacional de la Seguridad Social | C9: 39128
A10: TGSS | B10: Convenio de Colaboración entre la Tesorería General de la Seguridad Social y la Hacienda Tributaria de Navarra, sobre intercambio reciproco de información y de gestión recaudatoria | C10: 39164
A11: INEM | B11: Convenio de Colaboración entre la Hacienda Tributaria de Navarra y el Servicio Público de Empleo Estatal en materia de intercambio reciproco de información | C11: 39232
A12: TGSS | B12: Adenda al Convenio suscrito el 23 de marzo de 2007 entre la Hacienda Tributaria de Navarra y la Tesorería General de la Seguridad Social en materia de intercambio reciproco de información y gestión tributaria | C12: 40308
A13: AGE | B13: Acuerdo entre la Administración General del Estado y la Administración de la Comunidad Foral de Navarra en Materia Expropiatoria. | C13: 40337
A14: TRACASA | B14: Acuerdo de la Hacienda Tributaria sobre la Protección de Datos con Trabajos Catastrales SA. | C14: 40637
A15: AEAT | B15: Convenio de Colaboración entre la Agencia Estatal de Administración Tributaria y el Organismo de Autónomo Hacienda Tributaria de Navarra para el intercambio de información con fines tributarios. | C15: 40688
... A27: Diputación Foral Álava | B27: Intercambio de información con fines tributarios | C27: 42429

Sheet C74
A1: Cuadro nº 74. Actuaciones de colaboración del Servicio de Inspección con juzgados y otras administraciones e instituciones públicas
B3: Recibidas | C3: Enviadas | D3: Total
A4: Juzgados | B4: 8 | C4: 11 | D4: =SUM(B4:C4) -> 19
A5: Ayuntamientos | B5: 8 | C5: 4 | D5: =SUM(B5:C5) -> 12
A6: Seguridad Social | B6: 1 | C6: 3 | D6: =SUM(B6:C6) -> 4
A7: Otros departamentos del Gobierno de Navarra | B7: 1 | C7: 2 | D7: =SUM(B7:C7) -> 3
A8: Otros | B8: 6 | C8: 11 | D8: =SUM(B8:C8) -> 17
A9: Total | B9: =SUM(B4:B8) -> 24 | C9: =SUM(C4:C8) -> 31 | D9: =SUM(D4:D8) -> 55

Sheet C75
A1: Cuadro nº 75. Número de actuaciones con instituciones públicas
B3: Actuaciones
A4: Defensor del Pueblo | B4: 62
A5: Parlamento de Navarra | B5: 33
A6: Junta Arbitral del Convenio Económico | B6: 43
A7: TOTAL | B7: =SUM(B4:B6) -> 138

Sheet C76
A1: Cuadro nº 76. Relación de entidades colaboradoras y número de personas operadoras en cada una de ellas. Campaña IRPF
A3: Entidad Colaboradora | B3: Nº operadores
A4: Asociación de Hostelería Navarra (AEHN) | B4: 2
A5: Asociación Navarra de Pequeña Empresa de Hostelería (ANAPEH) | B5: 2
A6: Gremio Carniceros | B6: 3
A7: Gremio Pescado | B7: 1
A8: BBVA | B8: 34
A9: Unicaja Banco | B9: 3
A10: Caja Rural de Navarra | B10: 302
A11: Ibercaja | B11: 18
A12: INTIASA | B12: 4
A13: Kutxabank | B13: 1
A14: La Caixa | B14: 66
A15: Laboral Kutxa | B15: 60
... A20: UAGN | B20: 2
A21: TOTAL | B21: =SUM(B4:B20) -> 529

Sheet C77
A1: Cuadro nº 77. Entidades colaboradoras en la gestión recaudatoria. Nº de entidades. Nº de pagos e importes aplicados
E2: Variación 2018/2017
B3: Año 2017 | C3: Año 2018 | E3: Total | F3: Tasa de Variación
A4: Número de entidades | B4: 19 | C4: 19 | E4: =C4-B4 -> 0 | F4: =(C4-B4)/B4 -> 0
A5: Número de pagos aplicados | B5: 807000 | C5: 832718 | E5: =C5-B5 -> 25718 | F5: =(C5-B5)/B5 -> 0.031868649
A6: Importes aplicados (miles €) | B6: 3437000 | C6: 3582000 | E6: =C6-B6 -> 145000 | F6: =(C6-B6)/B6 -> 0.042187955

Sheet C78
A1: Cuadro nº 78. Indicadores de actividad HTN
A3: Indice de "Actividad del control tributario"
B5: 2017 | C5: 2018 | E5: Variación 2018/2017
B6: Importe miles de euros | C6: Importe miles de euros | E6: Importe miles de euros | F6: Tasa de Variación
A7: Resultados actividad control tributario. (*) | B7: 160123.04 | C7: ='C1'!C6 -> 178690.1 | E7: =C7-B7 -> 18567.058 | F7: =(C7-B7)/B7 -> 0.11595494
A8: Recaudación tributaria líquida. Gestión Directa. (**) | B8: 2679701.3 | C8: ='G16'!C27 -> 2460658 | E8: =C8-B8 -> -219043.26 | F8: =(C8-B8)/B8 -> -0.081741672
A9: Indice de "Actividad del control tributario" | B9: =+B7/B8 -> 0.059754063 | C9: =+C7/C8 -> 0.072618826 | E9: =C9-B9 -> 0.012864763 | F9: =(C9-B9)/B9 -> 0.2152952
A11: Indice de "Desempeño"
B13: 2017 | C13: 2018 | E13: Variación 2018/2017
B14: Valor Absoluto | C14: Valor Absoluto | E14: Valor Absoluto | F14: Tasa de Variación
A15: Resultados actividad control tributario. (*) | B15: 160123.04 | C15: =C7 -> 178690.1 | E15: =C15-B15 -> 18567.058 | F15: =(C15-B15)/B15 -> 0.11595494
A16: Personal HTN | B16: 316 | C16: ='C4'!D7 -> 320 | E16: =C16-B16 -> 4 | F16: =(C16-B16)/B16 -> 0.012658228
A17: Indice de "Desempeño" | B17: =(B15/B16)*1000 -> 506718.48 | C17: =(C15/C16)*1000 -> 558406.56 | E17: =C17-B17 -> 51688.074 | F17: =(C17-B17)/B17 -> 0.1020055
A19: Indice de "Eficiencia"
B21: 2017 | C21: 2018 | E21: Variación 2018/2017
B22: Importe miles de euros | C22: Importe miles de euros | E22: Importe miles de euros | F22: Tasa de Variación
A23: Resultados actividad control tributario. (*) | B23: 160123.04 | C23: =C7 -> 178690.1 | E23: =C23-B23 -> 18567.058 | F23: =(C23-B23)/B23 -> 0.11595494
A24: Costes HTN. Presupuesto ejecutado (***) | B24: 26669.721 | C24: ='C3'!D9 -> 25379.43 | E24: =C24-B24 -> -1290.2908 | F24: =(C24-B24)/B24 -> -0.048380365
A25: Indice de "Eficiencia" | B25: =B23/B24 -> 6.0039264 | C25: =C23/C24 -> 7.0407451 | E25: =C25-B25 -> 1.0368187 | F25: =(C25-B25)/B25 -> 0.17269012
A27: Indice de "Coste de la recaudación tributaria líquida"
B29: 2017 | C29: 2018 | E29: Variación 2018/2017
B30: Importe miles de euros | C30: Importe miles de euros | E30: Importe miles de euros | F30: Tasa de Variación
A31: Costes HTN. Presupuesto ejecutado (***) | B31: 26669.721 | C31: =C24 -> 25379.43 | E31: =C31-B31 -> -1290.2908 | F31: =(C31-B31)/B31 -> -0.048380365
A32: Recaudación tributaria líquida | B32: 3682671.1 | C32: ='C1'!C5 -> 3482953.6 | E32: =C32-B32 -> -199717.52 | F32: =(C32-B32)/B32 -> -0.054231702
A33: Indice de "Coste de la recaudación tributaria líquida" | B33: =+(B31/B32)*100 -> 0.72419502 | C33: =+(C31/C32)*100 -> 0.72867551 | E33: =C33-B33 -> 0.0044804936 | F33: =(C33-B33)/B33 -> 0.0061868605
A35: Indice de "Nº efectivos por cada 10.000 habitantes"
B37: 2017 | C37: 2018 | E37: Variación 2018/2017
B38: Unidades personas | C38: Unidades personas | E38: Unidades personas | F38: Tasa de Variación
A39: Población Navarra (****) | B39: 643234 | C39: 647554 | E39: =C39-B39 -> 4320 | F39: =(C39-B39)/B39 -> 0.0067160629
A40: Personal HTN | B40: =B16 -> 316 | C40: =C16 -> 320 | E40: =C40-B40 -> 4 | F40: =(C40-B40)/B40 -> 0.012658228
A41: Indice de "Nº efectivos por cada 10.000 habitantes" | B41: =B40/B39*10000 -> 4.9126756 | C41: =C40/C39*10000 -> 4.9416728 | E41: =C41-B41 -> 0.028997182 | F41: =(C41-B41)/B41 -> 0.0059025232
A43: (*) En los Resultados de la actividad de control tributario se incluyen los resultados totales del control tributario (directos, inducidos y actuaciones de domicilio fiscal y cifra relativa)
A44: (**) En la Recaudación tributaria líquida.Gestión Directa no se incluyen los ajustes fiscales con el Estado de la imposición indirecta
A45: (***) En los costes de HTN no se incluye el pago de la Aportación económica al Estado
A46: (****) Fuente INE: Padrón municipal de habitantes a 1/1/2017 y 1/1/2018
